 Dungeon Crawl Stone Soup version 0.23-b1-86-gba62f8e092 (webtiles) character file.

Game seed: 17843749667937587769

683265 Jannitor the Executioner (level 27, -3/242 HPs)
             Began as a Human Chaos Knight on Feb 7, 2019.
             Was a Favourite Plaything of Xom.
             Killed from afar by a purple draconian (44 damage)
             ... with a bolt of dispelling energy
             ... summoned by a shadow demon
             ... summoned by an ancient lich
             ... on level 5 of the Realm of Zot on Feb 8, 2019.
             The game lasted 04:05:36 (84543 turns).

Jannitor the Executioner (Human Chaos Knight)      Turns: 84543, Time: 04:05:38

Health: -3/242     AC: 36    Str: 28    XL:     27
Magic:  23/40      EV: 16    Int: 35    God:    Xom [.....*]
Gold:   2386       SH:  0    Dex: 15    Spells: 0/46 levels left

rFire    + + +     SeeInvis +   a - +10 executioner's axe of Defence by Offence {speed, MR+ Dex+3 SInv}
rCold    + . .     Gourm    .   (shield currently unavailable)
rNeg     + + +     Faith    .   w - +9 plate armour of Somewhere Else {+Blink rCorr Int+4}
rPois    +         Spirit   .   H - +0 hat of Ozxiymp {rN++ Str+2 Int+3 Dex-2}
rElec    +         Reflect  .   q - scarf {rC+ rF+}
rCorr    +         Harm     +   p - +1 pair of gloves "Afufaj" {rC- Str+3}
MR       +++++     Clarity  +   k - +2 pair of boots {Fly}
Stlth    ..........             n - amulet "Ledageuv" {Harm *Drain Fragile rElec MR+ Int+6}
HPRegen  0.50/turn              O - ring "Liehyit" {Wiz MR+ Str+5}
MPRegen  0.27/turn              d - ring of Rient {rF+ rN+ Int+3}

@: resistant (expiring), flying, very slightly contaminated, hasted (expiring),
very quick
A: claws 1, fangs 1, molten scales 1, rugged brown scales 1, clarity, high mp 1,
poison resistance, electricity resistance, MP-powered wands
}: 3/15 runes: decaying, serpentine, golden
a: Renounce Religion, Evoke Blink, Stop Flying


You were on level 5 of the Realm of Zot.
You worshipped Xom.
You were Xom's teddy bear.
You were very full.

You visited 11 branches of the dungeon, and saw 54 of its levels.
You visited the Abyss 2 times.
You also visited: Bailey and Desolation.

You collected 9830 gold pieces.
You spent 7444 gold pieces at shops.

Inventory:

Hand Weapons
 a - the +10 executioner's axe of Defence by Offence (weapon) {speed, MR+ Dex+3 SInv}
   (You took it off an orc warrior in a bailey)

   Attacks with this weapon are significantly faster.
   It affects your dexterity (+3).
   It affects your resistance to hostile enchantments.
   It lets you see invisible.
 b - a +9 blowgun
Missiles
 l - 21 curare-tipped needles
 v - 10 javelins of returning (quivered)
 J - 12 needles of confusion
 Q - 5 throwing nets
Armour
 k - a +2 pair of boots of flying (worn)
 p - the +1 pair of gloves "Afufaj" (worn) {rC- Str+3}
   (You bought it in a shop on level 2 of the Orcish Mines)

   It affects your strength (+3).
   It makes you vulnerable to cold.
 q - a scarf of resistance (worn)
 w - the +9 plate armour of Somewhere Else (worn) {+Blink rCorr Int+4}
   (You bought it in a shop on level 2 of the Snake Pit)

   It affects your intelligence (+4).
   It lets you blink.
   It provides partial protection from all sources of acid and corrosion.
 H - the +0 hat of Ozxiymp (worn) {rN++ Str+2 Int+3 Dex-2}
   (You found it on level 4 of the Vaults)

   It affects your strength (+2).
   It affects your intelligence (+3).
   It affects your dexterity (-2).
   It greatly protects you from negative energy.
Jewellery
 d - the ring of Rient (right hand) {rF+ rN+ Int+3}
   (You bought it in a shop on level 3 of the Snake Pit)

   [ring of protection from fire]

   It affects your intelligence (+3).
   It protects you from fire.
   It protects you from negative energy.
 n - the amulet "Ledageuv" (around neck) {Harm *Drain Fragile rElec MR+ Int+6}
   (You found it in the Desolation of Salt)

   [amulet of harm]

   It increases damage dealt and taken.
   It affects your intelligence (+6).
   It insulates you from electricity.
   It affects your resistance to hostile enchantments.
   It causes draining when unequipped.
   It will be destroyed if unequipped.
 r - the ring of Qaegafi {rC+ Str+4 Dex+2 SInv}
   (You found it in the Desolation of Salt)

   [ring of see invisible]

   It affects your strength (+4).
   It affects your dexterity (+2).
   It protects you from cold.
   It lets you see invisible.
 G - the ring "Bumem" {rF+ MR+ Str+2}
   (You found it on level 3 of the Elven Halls)

   [ring of protection from fire]

   It affects your strength (+2).
   It protects you from fire.
   It affects your resistance to hostile enchantments.
 O - the ring "Liehyit" (left hand) {Wiz MR+ Str+5}
   (You found it in the Desolation of Salt)

   [ring of wizardry]

   It improves your spell success rate.
   It affects your strength (+5).
   It affects your resistance to hostile enchantments.
Wands
 o - a wand of clouds (11)
 I - a wand of iceblast (78)
 S - a wand of digging (11)
 X - a wand of scattershot (12)
 Z - a wand of acid (15)
Scrolls
 e - 21 scrolls of remove curse
 f - 2 scrolls of summoning
 i - 5 scrolls of teleportation
 m - a scroll of silence
 t - 14 scrolls of immolation
 u - 10 scrolls of fear
 x - 2 scrolls of holy word
 y - 17 scrolls of amnesia
 C - 5 scrolls of blinking
 E - 7 scrolls of identify
 M - 8 scrolls of enchant armour
 T - a scroll of fog
Potions
 g - 3 potions of ambrosia
 j - 6 potions of flight
 s - 8 potions of might
 z - 3 potions of curing
 A - 5 potions of resistance
 B - 4 potions of cancellation
 F - 3 potions of berserk rage
 K - 2 potions of haste
 L - 4 potions of magic
 N - 12 potions of lignification
 U - a potion of agility
 V - 13 potions of brilliance
 W - 7 potions of mutation
 Y - 2 potions of invisibility
Miscellaneous
 h - a figurine of a ziggurat
 D - a lamp of fire
 P - 2 sacks of spiders
 R - a fan of gales
Comestibles
 c - 51 rations


   Skills:
 + Level 23.1 Fighting
   Level 7.2 Long Blades
 + Level 23.2 Axes
 - Level 9.8 Throwing
 - Level 16.6 Armour
 - Level 14.1 Dodging
 - Level 10.2 Spellcasting
 - Level 14.0 Hexes
 * Level 14.1 Charms
 - Level 7.3 Summonings
 - Level 3.8 Necromancy
 - Level 4.3 Translocations
 - Level 14.6 Transmutations
 * Level 12.2 Air Magic
 - Level 14.7 Earth Magic
 - Level 6.0 Evocations


You couldn't memorise any spells.
You knew the following spells:

 Your Spells              Type           Power        Failure   Level  Hunger
a - Infusion              Chrm           ####         1%          1    None
b - Shroud of Golubria    Chrm/Tloc      ######....   1%          2    None
c - Song of Slaying       Chrm           #######.     1%          2    None
d - Regeneration          Chrm/Necr      ######....   1%          3    None
e - Spectral Weapon       Hex/Chrm       #######.     1%          3    None
f - Silence               Hex/Air        #######...   1%          5    ##.....
g - Summon Mana Viper     Hex/Summ       #######.     1%          5    ##.....
h - Statue Form           Tmut/Erth      #######..    1%          6    ####...
i - Darkness              Hex            #######...   2%          6    ####...
j - Apportation           Tloc           #####.       1%          1    None
k - Invisibility          Hex            #######.     2%          6    ####...
l - Deflect Missiles      Chrm/Air       #######...   3%          6    ####...

Your spell library contained the following spells:

 Spells                   Type           Power        Failure   Level  Hunger
 Animate Skeleton         Necr           N/A          1%          1    None
 Confusing Touch          Hex            ######       1%          1    None
 Corona                   Hex            #######      1%          1    None
 Sandblast                Erth           ######       1%          1    None
 Summon Butterflies       Summ           ######..     1%          1    None
 Summon Small Mammal      Summ           ####         1%          1    None
 Call Imp                 Summ           ######..     1%          2    None
 Corpse Rot               Necr           N/A          1%          2    None
 Ensorcelled Hibernation  Hex/Ice        ######       1%          2    None
 Passwall                 Tmut/Erth      #######.     1%          2    None
 Poisonous Vapours        Pois/Air       ######       1%          2    None
 Slow                     Hex            #######.     1%          2    None
 Sublimation of Blood     Necr           #####.....   1%          2    None
 Swiftness                Chrm/Air       #######.     1%          2    None
 Call Canine Familiar     Summ           ######..     1%          3    None
 Confuse                  Hex            #######.     1%          3    None
 Dazzling Spray           Conj/Hex       ######       1%          3    None
 Inner Flame              Hex/Fire       ######..     1%          3    None
 Ozocubu's Armour         Chrm/Ice       ######..     1%          3    None
 Portal Projectile        Hex/Tloc       ######       1%          3    None
 Recall                   Summ/Tloc      N/A          1%          3    None
 Spider Form              Tmut/Pois      ######....   1%          3    None
 Static Discharge         Conj/Air       ######..     1%          3    None
 Stone Arrow              Conj/Erth      ######       1%          3    None
 Tukima's Dance           Hex            #######.     1%          3    None
 Cause Fear               Hex            #######...   1%          4    None
 Leda's Liquefaction      Hex/Erth       #######...   1%          4    None
 Petrify                  Tmut/Erth      #######.     1%          4    None
 Summon Lightning Spire   Summ/Air       ######..     1%          4    None
 Lee's Rapid Deconstruct  Erth           #######...   1%          5    ##.....
 Yara's Violent Unravell  Hex/Tmut       #######...   1%          5    ##.....
 Gell's Gravitas          Tloc           #####.....   2%          3    None
 Lesser Beckoning         Tloc           #####.....   2%          3    None
 Ice Form                 Ice/Tmut       ######..     2%          4    None
 Mephitic Cloud           Conj/Pois/Air  #####...     3%          3    None
 Fulminant Prism          Conj/Hex       ######....   3%          4    None
 Borgnjor's Vile Clutch   Necr/Erth      ######....   3%          5    ##.....
 Excruciating Wounds      Chrm/Necr      ######....   3%          5    ##.....
 Flame Tongue             Conj/Fire      ###..        5%          1    None
 Freeze                   Ice            ###.         5%          1    None
 Magic Dart               Conj           ###.         5%          1    None
 Sting                    Conj/Pois      ###.         5%          1    None
 Alistair's Intoxication  Tmut/Pois      ######..     8%          5    ##.....
 Irradiate                Conj/Tmut      ######....   8%          5    ##.....
 Searing Ray              Conj           ###...       9%          2    None
 Throw Flame              Conj/Fire      ###...       9%          2    None
 Iskenderun's Battlesphe  Conj/Chrm      ######..     9%          5    ##.....
 Metabolic Englaciation   Hex/Ice        ######....   9%          5    ##.....
 Summon Ice Beast         Ice/Summ       #####...     12%         4    None
 Lightning Bolt           Conj/Air       ######....   12%         5    ##.....
 Conjure Flame            Conj/Fire      ###.....     16%         3    None
 Bolt of Magma            Conj/Fire/Erth ######....   19%         5    ##.....
 Force Lance              Conj/Tloc      ####....     21%         4    None
 Agony                    Necr           #####...     28%         5    ##.....
 Dispel Undead            Necr           #####...     28%         5    ##.....
 Iron Shot                Conj/Erth      ######....   34%         6    ####...
 Shadow Creatures         Summ           N/A          34%         6    ####...
 Iskenderun's Mystic Bla  Conj           ###.....     45%         4    None
 Sticky Flame             Conj/Fire      ###.....     45%         4    None
 Bolt of Draining         Conj/Necr      ####......   52%         5    ##.....
 Conjure Ball Lightning   Conj/Air       ######....   52%         6    ####...
 Dispersal                Tloc           #####.....   75%         6    ####...
 Fireball                 Conj/Fire      ###.......   78%         5    ##.....
 Venom Bolt               Conj/Pois      ###.......   78%         5    ##.....
 Freezing Cloud           Conj/Ice/Air   #####.....   80%         6    ####...
 Death Channel            Necr           #####.....   82%         6    ####...
 Monstrous Menagerie      Summ           ######....   88%         7    ######.
 Summon Greater Demon     Summ           ######....   88%         7    ######.
 Summon Hydra             Summ           ######....   88%         7    ######.
 Ring of Flames           Chrm/Fire      ######....   91%         7    ######.
 Simulacrum               Ice/Necr       ####......   97%         6    ####...
 Malign Gateway           Summ/Tloc      ######....   98%         7    ######.
 Bolt of Cold             Conj/Ice       ###.......   100%        6    ####...
 Bolt of Fire             Conj/Fire      ###.......   100%        6    ####...
 Ozocubu's Refrigeration  Ice            ###.......   100%        6    ####...
 Orb of Destruction       Conj           ###.......   100%        7    ######.
 Spellforged Servitor     Conj/Summ      #####.....   100%        7    ######.
 Controlled Blink         Tloc           N/A          100%        8    #######
 Disjunction              Tloc           #####.....   100%        8    #######
 Ignition                 Fire           ###.......   100%        8    #######
 Summon Horrible Things   Summ           ######....   100%        8    #######
 Shatter                  Erth           #######...   100%        9    #######
 Tornado                  Air            #######...   100%        9    #######


Dungeon Overview and Level Annotations

Branches:
Dungeon (15/15)            Temple (0/1) D:7            Lair (6/6) D:11
  Swamp (4/4) Lair:4        Snake (4/4) Lair:2        Slime (0/5) Lair:6
    Orc (2/2) D:9             Elf (3/3) Orc:2        Vaults (4/5) D:14
  Crypt (3/3) Vaults:3       Tomb (3/3) Crypt:3      Depths (5/5) D:15
    Zot (5/5) Depths:5

Altars:
Ashenzari
Dithmenos
Fedhas
Kikubaaqudgha
Makhleb
Nemelex Xobeh
Qazlal
Sif Muna
Trog
Vehumet
Xom
Yredelemnul
The Shining One
Beogh

Shops:
D:7 :   D:8 }   Orc:2 %[(=*   Elf:2 (   Snake:2 [   Snake:3 }}=   Vaults:2 }(((
Vaults:3 *   Depths:1 (}   Depths:5 ?:[=(

Portals:
Hell: Depths:1 Depths:2 Depths:3 Depths:4 Depths:5
Abyss: Depths:1 Depths:2 Depths:4
Pandemonium: Depths:3 Depths:5
Ziggurat: Depths:1

Annotations:
Lair:4 exclusion: 4 oklob plants
Orc:1 exclusion: downstairs
Orc:2 ettin
Tomb:2 Khufu
Depths:2 1 runed translucent door
Depths:4 1 exclusion
Zot:1 1 runed translucent door, Juzit's ghost, legendary GnFi
Zot:5 2 exclusions


Innate Abilities, Weirdness & Mutations

You have sharp fingernails.
You have very sharp teeth.
You are partially covered in molten scales. (AC +2)
You are partially covered in rugged brown scales. (AC +1, +3% HP)
You possess an exceptional clarity of mind.
You have an increased reservoir of magic. (+10% MP)
Your system is resistant to poisons. (rPois)
You are resistant to electric shocks. (rElec)
You expend magic power (3 MP) to strengthen your wands.


Message History

The tentacled monstrosity completely misses you.
The tentacled monstrosity tentacle-slaps you but does no damage.
The tentacled monstrosity grabs you.
* * * LOW HITPOINT WARNING * * *
The tentacled monstrosity constricts you!
Unknown command.
You escape the tentacled monstrosity's grasp.
A curse toe comes into view.
The curse toe gives a chilling moan.
You feel better. The shadow demon hits you.
* * * LOW HITPOINT WARNING * * *
You feel better.
You hear Xom's avuncular chuckle.
The shadow demon suddenly stops moving!
The purple draconian breathes dispelling energy at you.
The bolt of dispelling energy hits you!!!
You feel strangely stable.
Your magical effects are unravelling.
You die...
Xom is highly amused!

##........._..# #.....
#############▓▓ #######
............## #......
.............## #.....
.........^§...## #.....
......§§§§§....# ##....
......§§d33._..# #....
.^....§§X44§24.# ##....
.....§§@*§22...# #.....
......§§2L§d)).# ##.....
........d2§§4)§###......
........_.§§.)###...####
......._....)##....##
.............z○..###
...^##▓▓▓▓▓▓▓▓▓▓▓# ....


You could see an orb of fire, a tentacled monstrosity, an ancient lich
(invisible), a purple draconian, a white draconian, a sun demon, 2 shadow demons
and a red devil.

Vanquished Creatures
  An orb of fire (Zot:3)
  5 ancient liches
  12 greater mummies
  Frederick (Crypt:1)
  A caustic shrike (Depths:1)
  4 Killer Klowns
  4 curse toes
  Saint Roka (Depths:3)
  A bone dragon (Crypt:3)
  9 golden dragons
  Jory (Vaults:2)
  3 electric golems
  Jorgrun (Swamp:3)
  Rupert (D:14)
  21 tentacled monstrosities
  Asterion (Snake:3)
  6 quicksilver dragons
  10 Orb Guardians (Zot:5)
  3 deep elf blademasters
  7 titans
  10 liches
  10 sphinxes
  A tentacled starspawn (Abyss:1)
  2 deep elf master archers (Elf:3)
  10 death cobs
  7 ancient champions
  Frances (Swamp:2)
  26 storm dragons
  3 thorn hunters (Swamp:4)
  9 shadow dragons
  5 tengu reavers
  Kirke (D:15)
  4 draconian monks
  12 nagarajas
  7 fire giants
  6 revenants
  A cacodemon (Depths:5)
  8 frost giants
  7 draconian scorchers
  3 imperial myrmidons (Desolation)
  9 vault wardens
  An iron dragon (Depths:5)
  4 deep elf sorcerers
  An orc warlord (Orc:2)
  2 ghost moths
  3 curse skulls (Crypt:2)
  5 draconian knights
  4 deep elf elementalists (Elf:3)
  3 balrugs
  9 draconian shifters
  A caustic shrike zombie (Crypt:1)
  12 ironheart preservers
  A reaper (Crypt:2)
  9 ghouls
  17 stone giants
  4 war gargoyles (Crypt:3)
  3 draconian stormcallers
  5 draconian annihilators
  13 very ugly things
  10 bennus (Tomb:3)
  A caustic shrike skeleton (Crypt:2)
  10 vampire knights
  Nessos (D:15)
  11 green draconians
  2 dire elephants
  23 black draconians
  Azrael (D:12)
  16 purple draconians
  15 white draconians
  10 deep elf demonologists
  7 deep elf annihilators
  14 yellow draconians
  A lorocyproca (Abyss:1)
  3 halazid warlocks (Desolation)
  8 red draconians
  11 ettins
  6 deep elf death magi
  3 green deaths
  4 crystal guardians
  21 mummy priests
  A merfolk impaler (Depths:3)
  7 fire dragons
  6 ragged hierophants (Desolation)
  4 jiangshi
  3 deep elf high priests
  11 yaktaur captains
  2 quicksilver dragon skeletons
  Josephine (Lair:4)
  18 hydras
  9 great orbs of eyes
  6 vault guards
  A ghost crab (Swamp:2)
  13 ice dragons
  4 spriggan air magi
  5 servants of whispers (Desolation)
  14 naga warriors
  A merfolk avatar (Lair:6)
  7 anacondas
  2 rakshasas
  4 peacekeepers (Desolation)
  4 shambling mangroves
  3 death knights
  An anaconda (shapeshifter) (Vaults:3)
  21 two-headed ogres
  12 centaur warriors
  20 death scarabs
  12 alligators
  30 dancing weapons
  5 tengu warriors
  3 vampire magi
  Urug (Orc:2)
  6 death yaks
  10 ogre magi
  An orc high priest (Orc:2)
  8 shock serpents
  Nergalle (Orc:2)
  5 deep troll shamans
  A shock serpent (shapeshifter) (Depths:4)
  12 naga sharpshooters
  3 sun demons
  8 deep troll earth magi
  A spriggan berserker (Depths:5)
  Sonja (D:10)
  26 hell knights
  27 deep elf knights
  A soul eater (Crypt:1)
  3 salamander mystics
  2 iron trolls (Depths:2)
  20 skeletal warriors
  A shadow wraith (Abyss:1)
  2 spriggan druids
  A ghost moth zombie (Crypt:2)
  A death drake (shapeshifter) (Vaults:4)
  5 glowing orange brains
  12 sea snakes
  29 deep trolls
  2 wizards
  18 unseen horrors
  An anaconda zombie (Crypt:3)
  10 swamp dragons
  13 deep elf archers
  9 naga ritualists
  3 flayed ghosts
  A lindwurm (Vaults:4)
  12 necromancers
  2 anaconda skeletons (Crypt:3)
  7 phantasmal warriors
  A golden dragon skeleton (Crypt:3)
  12 ironbrand convokers
  A wolf spider zombie (D:15)
  9 harpies (Vaults:1)
  5 wolf spiders
  A stone giant zombie (Crypt:1)
  48 ugly things
  A wolf spider (shapeshifter) (D:14)
  2 fire giant zombies
  13 mana vipers
  3 large abominations
  21 orc knights
  A mana viper (shapeshifter) (D:15)
  2 frost giant zombies
  9 orc sorcerers
  71 deep elf magi
  9 salamanders
  19 cyclopes
  5 manticores
  7 elephants
  16 moths of wrath
  Joseph (D:10)
  An iron dragon skeleton (Crypt:3)
  11 vault sentinels
  2 worldbinders (Abyss:1)
  12 guardian serpents
  32 black mambas
  5 smoke demons
  A dire elephant zombie (Tomb:1)
  A shock serpent skeleton (Crypt:1)
  A storm dragon simulacrum (Vaults:3)
  A molten gargoyle (Desolation)
  21 naga magi
  2 orange demons
  13 spiny frogs
  2 torpor snails
  An eye of devastation (Depths:3)
  4 rime drakes (Lair:6)
  A black draconian zombie (Crypt:2)
  5 kobold demonologists
  A hellwing (Depths:2)
  10 freezing wraiths
  35 yaktaurs
  An ice devil (Depths:5)
  10 komodo dragons
  A tormentor (Abyss:1)
  36 guardian mummies
  2 human skeletons
  A golden dragon simulacrum (Tomb:3)
  A harpy zombie (Tomb:2)
  3 red devils
  5 tengu conjurers
  A hydra zombie (Crypt:3)
  7 trolls
  A jumping spider (shapeshifter) (D:13)
  8 polar bears
  A merfolk (shapeshifter) (Snake:1)
  3 wind drakes (shapeshifter)
  A queen bee (shapeshifter) (Vaults:2)
  17 tyrant leeches
  37 slime creatures
  A dream sheep (D:15)
  Grinder (D:5)
  A raiju (shapeshifter) (D:6)
  13 bog bodies
  6 blink frogs
  A raiju (Abyss:1)
  3 fire dragon zombies (Crypt:3)
  24 hornets
  An ice dragon zombie (Crypt:1)
  43 saltlings (Desolation)
  A frost giant simulacrum (Vaults:2)
  9 hippogriffs
  An ettin zombie (Vaults:3)
  A hippogriff (shapeshifter) (Vaults:3)
  A fire giant simulacrum (Vaults:3)
  5 shadows
  A black mamba zombie (Tomb:3)
  An air elemental (Elf:2)
  40 flying skulls
  9 wraiths
  2 wyverns
  21 ushabtiu
  12 spriggans
  2 fire bats (Abyss:1)
  A fire dragon skeleton (Crypt:3)
  A spriggan (shapeshifter) (Vaults:3)
  3 basilisks
  18 humans
  A vampire (D:11)
  4 basilisks (shapeshifter)
  8 fire elementals
  A water elemental (Depths:3)
  32 yaks
  2 hogs (D:15)
  2 neqoxecs
  5 wargs
  Menkaure (D:7)
  13 swamp worms
  2 hungry ghosts
  14 vampire mosquitoes
  A torturous demonspawn zombie (Crypt:2)
  60 nagas
  6 insubstantial wisps (Swamp:1)
  A soldier ant (shapeshifter) (Vaults:4)
  A soldier ant (D:14)
  10 water moccasins
  5 acid dragons
  4 hell hounds
  2 floating eyes
  4 porcupines
  An ettin simulacrum (Crypt:1)
  A black bear (shapeshifter) (Vaults:3)
  An elf zombie (Vaults:2)
  A sky beast (D:7)
  6 swamp drakes
  2 black bears
  A snapping turtle zombie (Crypt:3)
  70 orc warriors
  7 ice beasts
  A hog zombie (Crypt:1)
  A hornet zombie (D:11)
  7 boggarts
  An elephant zombie (Crypt:2)
  2 phantoms (D:10)
  5 necrophages
  15 wolves
  23 ogres
  24 centaurs
  An elephant skeleton (Crypt:1)
  A manticore skeleton (Crypt:2)
  12 crocodiles
  A crocodile (shapeshifter) (D:10)
  A snapping turtle skeleton (Crypt:3)
  Blork the orc (Orc:2)
  An octopode zombie (Crypt:2)
  A komodo dragon zombie (Crypt:2)
  17 bullfrogs
  3 big kobolds
  A glowing shapeshifter simulacrum (Vaults:3)
  3 earth elementals (Elf:2)
  4 small abominations
  6 scorpions
  A hornet simulacrum (D:9)
  A water moccasin skeleton (D:4)
  A snapping turtle simulacrum (Crypt:1)
  10 killer bees
  An electric eel (Snake:3)
  14 wights
  2 howler monkeys (D:7)
  6 centaur zombies
  4 crimson imps
  A human simulacrum (Vaults:3)
  2 bullfrog zombies
  3 hounds
  3 wyvern simulacra
  A human zombie (Crypt:1)
  2 quasits
  22 orc priests
  An iron imp (Abyss:1)
  11 jellies
  An iguana (D:10)
  A centaur skeleton (D:9)
  25 orc wizards
  12 worker ants
  An ogre skeleton (Crypt:2)
  A crocodile skeleton (Crypt:1)
  A hound skeleton (D:7)
  A hound zombie (D:7)
  34 mummies
  A howler monkey zombie (D:6)
  2 worker ant zombies
  9 adders
  8 gnolls
  4 shadow imps
  A howler monkey simulacrum (D:9)
  4 white imps
  5 ufetubi
  6 oozes
  An adder zombie (D:6)
  2 adder skeletons
  5 worms
  3 dart slugs
  5 leopard geckos
  132 orcs
  11 bats
  7 giant cockroaches
  10 hobgoblins
  10 jackals
  9 quokkas
  3 ball pythons
  6 frilled lizards
  A giant cockroach zombie (D:6)
  17 goblins
  A jackal zombie (Crypt:2)
  29 kobolds
  A kobold zombie (Crypt:3)
  A leopard gecko skeleton (D:4)
  A leopard gecko zombie (D:7)
  2 quokka skeletons
  2 rats (D:1)
  2 crawling corpses (Depths:4)
  2 fire vortices (D:13)
  4 plants
2655 creatures vanquished.

Vanquished Creatures (collateral kills)
  A vault warden (Vaults:1)
  A ghost moth (Zot:5)
  A draconian shifter (Zot:2)
  A draconian scorcher (Zot:2)
  An ironheart preserver (Vaults:1)
  A mummy priest (Tomb:1)
  A fire dragon (Vaults:1)
  3 hydras (Lair:4)
  A tengu warrior (D:14)
  A naga sharpshooter (Snake:1)
  An orc knight (Orc:1)
  2 komodo dragons (Lair:4)
  A bog body (Swamp:1)
  2 nagas (Snake:1)
  An orc warrior (Bailey)
  An orc priest (Orc:1)
  An orc wizard (Vaults:1)
  4 orcs
25 creatures vanquished.

Vanquished Creatures (others)
  A draconian knight (Zot:2)
  An ironheart preserver (Vaults:2)
  A naga warrior (Snake:4)
  2 dancing weapons (Snake:1)
  A death scarab (Tomb:3)
  A deep elf mage (D:13)
  A black mamba (Snake:2)
  A human (D:15)
  A vampire mosquito (Swamp:2)
  A naga (Snake:1)
  3 orc warriors
  3 boggarts (Vaults:2)
  2 centaurs (Depths:4)
  A leopard gecko (D:1)
  3 orcs
  A briar patch (Swamp:4)
  9 fungi
  14 plants
  48 spectral weapons
  A starspawn tentacle (Abyss:1)
96 creatures vanquished.

Grand Total: 2776 creatures vanquished

Notes
Turn   | Place    | Note
-------+----------+-------------------------------------------
     0 | D:1      | Jannitor the Human Chaos Knight began the quest for the
                  | Orb.
     0 | D:1      | Reached XP level 1. HP: 18/18 MP: 1/1
     4 | D:1      | XOM: silly message
   161 | D:1      | Reached XP level 2. HP: 24/24 MP: 2/2
   265 | D:1      | Reached XP level 3. HP: 24/29 MP: 3/3
   455 | D:1      | XOM: harmless Fire miscast
   979 | D:2      | Reached XP level 4. HP: 31/35 MP: 4/4
  1100 | D:2      | XOM: potion effect (haste)
  1273 | D:2      | XOM: silly message
  1297 | D:2      | XOM: potion effect (haste)
  1608 | D:2      | Reached XP level 5. HP: 42/42 MP: 5/5
  1865 | D:3      | XOM: silly message
  2051 | D:3      | Found a deep blue altar of Sif Muna.
  2075 | D:3      | XOM: scenery: 1 doors open, 1 doors close
  2304 | D:3      | XOM: harmless Pois miscast
  2612 | D:3      | XOM: mild Conj miscast
  2614 | D:4      | Noticed an ogre
  3141 | D:3      | XOM: harmless Erth miscast
  3205 | D:4      | Reached XP level 6. HP: 34/48 MP: 6/6
  3871 | D:4      | XOM: potion effect (agility)
  3877 | D:4      | Reached XP level 7. HP: 55/55 MP: 7/7
  4008 | D:4      | XOM: harmless Necr miscast
  4067 | D:4      | XOM: confusion (+ monsters)
  4159 | D:4      | XOM: medium Summ miscast
  4160 | D:4      | Noticed a spatial vortex
  4604 | D:5      | Entered Level 5 of the Dungeon
  4623 | D:5      | Noticed Grinder
  4644 | D:5      | Killed Grinder
  4644 | D:5      | Reached skill level 5 in Fighting
  4644 | D:5      | Reached skill level 5 in Long Blades
  4644 | D:5      | Reached XP level 8. HP: 41/62 MP: 8/8
  4671 | D:5      | XOM: mild Erth miscast
  4810 | D:5      | Found a glowing golden altar of the Shining One.
  4830 | D:5      | Learned a level 1 spell: Infusion
  4833 | D:5      | Learned a level 2 spell: Shroud of Golubria
  4932 | D:5      | Reached skill level 1 in Charms
  5073 | D:5      | Found a stormy altar of Qazlal.
  5075 | D:5      | Found a blossoming altar of Fedhas.
  5094 | D:5      | XOM: confusion (+ monsters)
  5342 | D:4      | XOM: harmless Necr miscast
  5400 | D:5      | XOM: confusion (+ monsters)
  5406 | D:5      | Reached skill level 1 in Spellcasting
  5478 | D:5      | XOM: potion effect (invisibility)
  5616 | D:5      | XOM: 1-stop teleportation journey
  5654 | D:5      | XOM: divination: detect creatures
  5812 | D:6      | XOM: god gift: runed long sword {god gift}
  6159 | D:6      | XOM: harmless Fire miscast
  6271 | D:6      | Learned a level 2 spell: Song of Slaying
  6275 | D:6      | Learned a level 3 spell: Regeneration
  6279 | D:6      | Learned a level 3 spell: Spectral Weapon
  6350 | D:6      | XOM: potion effect (berserk rage)
  6360 | D:6      | Reached XP level 9. HP: 59/68 MP: 11/13
  6371 | D:6      | XOM: potion effect (brilliance)
  6466 | D:5      | XOM: divination: detect creatures
  6547 | D:6      | XOM: potion effect (berserk rage)
  6608 | D:6      | Reached skill level 1 in Hexes
  6612 | D:6      | Noticed an orb spider
  6612 | D:6      | a shapeshifter changed into an orb spider
  6613 | D:6      | Noticed a troll
  6613 | D:6      | an orb spider changed into a troll
  6625 | D:6      | XOM: potion effect (haste)
  6698 | D:7      | XOM: noise
  6733 | D:7      | XOM: summons friendly iron imp
  6743 | D:7      | Found a flagged portal.
  6748 | Bailey   | Entered a bailey
  6763 | Bailey   | XOM: harmless Chrm miscast
  6778 | Bailey   | XOM: silly message
  6921 | Bailey   | XOM: harmless Chrm miscast
  7248 | Bailey   | XOM: harmless Hex miscast
  7594 | Bailey   | XOM: divination: detect items
  7925 | Bailey   | XOM: cast spell 'Cause Fear'
  7950 | Bailey   | XOM: divination: magic mapping
  8251 | Bailey   | XOM: silly message
  8262 | Bailey   | Identified the +10 executioner's axe of Defence by Offence
                  | {speed, MR+ Dex+3 SInv}
  8760 | Bailey   | XOM: enchant monster (good)
  8882 | Bailey   | XOM: medium Conj miscast
  9242 | Bailey   | XOM: summons 9 friendly demons
  9248 | Bailey   | XOM: butterfly on damage
  9314 | Bailey   | XOM: cast spell 'Summon Small Mammal'
  9363 | Bailey   | XOM: mild Chrm miscast
  9373 | Bailey   | XOM: cast spell 'Summon Hydra'
  9469 | Bailey   | XOM: summons friendly white imp
  9602 | Bailey   | XOM: divination: detect items
  9771 | Bailey   | XOM: confuse monster(s)
  9771 | Bailey   | Reached skill level 1 in Axes
  9820 | Bailey   | XOM: potion effect (agility)
  9827 | Bailey   | Reached XP level 10. HP: 44/74 MP: 12/16
  9841 | Bailey   | XOM: harmless Chrm miscast
  9848 | Bailey   | XOM: give mutation
  9848 | Bailey   | Gained mutation: You are resistant to hostile enchantments.
                  | (MR+) [Xom's mischief]
  9938 | Bailey   | XOM: give mutations
  9938 | Bailey   | Gained mutation: You are dopey. (Int -2) [Xom's mischief]
  9938 | Bailey   | Gained mutation: You are clumsy. (Dex -2) [Xom's mischief]
 10135 | Bailey   | XOM: potion effect (haste)
 10399 | Bailey   | XOM: cloud trail
 10453 | Bailey   | XOM: summons 2 friendly demons
 10716 | Bailey   | XOM: harmless Tloc miscast
 10852 | D:7      | Found a staircase to the Ecumenical Temple.
 10936 | D:7      | Reached skill level 5 in Axes
 10954 | D:7      | Noticed a salamander
 10954 | D:7      | a hippogriff changed into a salamander
 10954 | D:7      | XOM: polymorph hippogriff -> salamander
 10958 | D:7      | Killed a salamander
 11263 | D:6      | Found a shimmering altar of Xom.
 11556 | D:7      | You fall through a shaft for 2 floors!
 11559 | D:9      | XOM: mild Conj miscast
 11566 | D:9      | XOM: scenery: 2 doors open
 11579 | D:9      | XOM: medium Chrm miscast
 11828 | D:8      | Found a radiant altar of Vehumet.
 11854 | D:8      | Found a sparkling altar of Nemelex Xobeh.
 11886 | D:8      | XOM: 2-stop teleportation journey
 11895 | D:8      | XOM: summons 2 hostile shadow creatures
 12242 | D:8      | Found a shadowy altar of Dithmenos.
 12385 | D:8      | Found Nugijong's Gadget Shop.
 12400 | D:8      | Bought a wand of digging (4) for 224 gold pieces
 12502 | D:7      | Noticed Menkaure
 12507 | D:7      | Killed Menkaure
 12513 | D:7      | XOM: swap monsters
 12548 | D:7      | XOM: mild Ice miscast
 12591 | D:7      | XOM: 5-stop teleportation journey
 12677 | D:7      | XOM: confusion
 12684 | D:7      | Found Wiux's Book Shop.
 12877 | D:7      | XOM: fog
 13070 | D:9      | Reached XP level 11. HP: 90/90 MP: 17/17
 13088 | D:9      | Reached skill level 10 in Fighting
 13150 | D:9      | XOM: destruction
 13211 | D:9      | Found a staircase to the Orcish Mines.
 13236 | D:9      | XOM: scenery: 1 doors close
 13268 | D:9      | Identified a scroll of acquirement
 13390 | D:9      | XOM: god gift: dagger {god gift}
 13422 | D:9      | XOM: mild Summ miscast
 13457 | D:9      | XOM: silly message
 13679 | D:10     | Entered Level 10 of the Dungeon
 13688 | D:10     | XOM: enchant monster (bad)
 13852 | D:10     | Noticed a two-headed ogre
 13858 | D:10     | Found a shattered altar of Ashenzari.
 13858 | D:10     | XOM: 2-stop teleportation journey
 13859 | D:10     | Noticed Sonja
 13868 | D:10     | Killed Sonja
 14020 | D:10     | XOM: divination: magic mapping
 14029 | D:10     | Killed a two-headed ogre
 14029 | D:10     | Reached skill level 1 in Throwing
 14082 | D:10     | Noticed Joseph
 14082 | D:10     | XOM: enchant monster (bad)
 14083 | D:10     | Noticed a glowing shapeshifter
 14083 | D:10     | a centaur changed into a glowing shapeshifter
 14083 | D:10     | XOM: polymorph centaur -> glowing shapeshifter
 14083 | D:10     | Noticed a wolf spider
 14083 | D:10     | a glowing shapeshifter changed into a wolf spider
 14369 | D:10     | Noticed an orb spider
 14370 | D:10     | XOM: destruction
 14371 | D:10     | an orb spider changed into a black mamba
 14371 | D:10     | Killed Joseph
 14373 | D:10     | XOM: summons friendly iron imp
 14422 | D:10     | Saw a vision of the Swamp and the Snake Pit.
 14422 | D:10     | Noticed an anaconda
 14422 | D:10     | Noticed a mana viper
 14422 | D:10     | Noticed an alligator
 14422 | D:10     | Noticed an anaconda
 14422 | D:10     | Noticed an alligator
 14422 | D:10     | Noticed an alligator
 14623 | D:10     | XOM: torment (45/96 hp)
 14730 | D:10     | XOM: noise
 14860 | D:11     | XOM: stat loss: -1 Dex (13/14)
 14997 | D:11     | XOM: summons 9 friendly demons
 15089 | D:11     | XOM: summons 5 friendly demons
 15130 | D:11     | XOM: cloud trail
 15180 | D:11     | Reached XP level 12. HP: 103/103 MP: 15/18
 15293 | D:11     | XOM: scenery: create altars
 15434 | D:11     | Found a staircase to the Lair.
 15774 | D:11     | XOM: enchant monster (good)
 15785 | D:11     | Reached skill level 10 in Axes
 16009 | D:12     | Found a bloodstained altar of Trog.
 16050 | Lair:1   | Entered Level 1 of the Lair of Beasts
 16301 | Lair:1   | XOM: summons 9 friendly demons
 16329 | Lair:1   | XOM: swap monsters
 16415 | Lair:1   | Reached skill level 5 in Throwing
 16743 | Lair:1   | XOM: give mutations
 16743 | Lair:1   | Gained mutation: Your body sometimes deteriorates upon
                  | taking damage. [Xom's mischief]
 16743 | Lair:1   | Gained mutation: You are weak. (Str -2) [Xom's mischief]
 16743 | Lair:1   | Gained mutation: Scrolls take you a little longer to read.
                  | [Xom's mischief]
 16743 | Lair:1   | Gained mutation: You possess an exceptional clarity of
                  | mind. [Xom's mischief]
 16847 | Lair:1   | XOM: summons 2 hostile demons
 17036 | Lair:1   | XOM: noise
 17308 | Lair:2   | Noticed a four-headed hydra
 17434 | Lair:2   | Found a staircase to the Snake Pit.
 17731 | Lair:2   | XOM: divination: detect creatures
 17789 | Lair:2   | Noticed a death yak
 17802 | Lair:2   | Noticed a death yak
 17807 | Lair:2   | Killed a death yak
 18104 | Lair:2   | XOM is BORED!
 18104 | Lair:2   | XOM: medium Air miscast
 18190 | Lair:2   | XOM: cast spell 'Summon Small Mammal'
 18196 | Lair:2   | XOM: divination: detect creatures
 18214 | Lair:2   | XOM: potion effect (berserk rage)
 18306 | Lair:2   | XOM: potion effect (haste)
 18309 | Lair:2   | Noticed a dire elephant
 18309 | Lair:2   | a death yak changed into a dire elephant
 18309 | Lair:2   | XOM: polymorph death yak -> dire elephant
 18310 | Lair:2   | XOM: blink monster(s)
 18317 | Lair:2   | Killed a dire elephant
 18919 | Lair:3   | XOM: mild Fire miscast
 18988 | Lair:3   | Noticed a death yak
 18988 | Lair:3   | Noticed a death yak
 18989 | Lair:3   | Noticed a death yak
 18990 | Lair:3   | Noticed a death yak
 18998 | Lair:3   | XOM: scenery: create altars
 19011 | Lair:3   | XOM: fake destruction
 19024 | Lair:3   | Killed a death yak
 19024 | Lair:3   | Reached XP level 13. HP: 106/113 MP: 14/19
 19032 | Lair:3   | XOM: fog
 19044 | Lair:3   | Noticed a ghost moth
 19044 | Lair:3   | a death yak changed into a ghost moth
 19044 | Lair:3   | XOM: polymorph death yak -> ghost moth
 19051 | Lair:3   | XOM: divination: detect items
 19061 | Lair:3   | XOM: divination: detect items
 19119 | Lair:3   | XOM: divination: detect items
 19397 | Lair:3   | XOM: divination: detect items
 19427 | Lair:3   | XOM: cast spell 'Summon Small Mammal'
 19434 | Lair:3   | XOM: cloud trail
 19435 | Lair:3   | Killed a ghost moth
 19435 | Lair:3   | Reached skill level 5 in Dodging
 19435 | Lair:3   | Reached skill level 5 in Charms
 19686 | Lair:3   | XOM: cloud trail
 19709 | Lair:3   | XOM: cast spell 'Call Canine Familiar'
 19716 | Lair:3   | Reached skill level 1 in Evocations
 20061 | Lair:4   | Noticed a six-headed hydra
 20067 | Lair:4   | XOM: cast spell 'Summon Dragon'
 20070 | Lair:4   | Killed an eight-headed hydra
 20076 | Lair:4   | Noticed a six-headed hydra
 20077 | Lair:4   | Noticed a four-headed hydra
 20079 | Lair:4   | Killed an eight-headed hydra
 20082 | Lair:4   | Killed a five-headed hydra
 20253 | Lair:4   | XOM: 5-stop teleportation journey
 20494 | Lair:4   | Noticed Josephine
 20499 | Lair:4   | Killed Josephine
 20568 | Lair:4   | XOM: enchant monster (good)
 20579 | Lair:4   | Got a brightly glowing scale mail
 20585 | Lair:4   | XOM: mild Hex miscast
 20590 | Lair:4   | Identified the +6 scale mail of Evolution {MR+ Int+2
                  | Stlth+} (You found it on level 4 of the Lair of Beasts)
 20664 | Lair:4   | XOM: medium Hex miscast
 20744 | Lair:4   | XOM: harmless Pois miscast
 20868 | Lair:4   | Found a staircase to the Swamp.
 21096 | Lair:5   | Noticed an eight-headed hydra
 21098 | Lair:5   | XOM: divination: magic mapping
 21100 | Lair:5   | XOM: harmless Chrm miscast
 21234 | Orc:1    | Entered Level 1 of the Orcish Mines
 21501 | Orc:1    | XOM: silly message
 21555 | D:9      | XOM: divination: magic mapping
 21558 | D:9      | XOM: polymorph orc knight -> mana viper
 22078 | Orc:1    | XOM: medium Fire miscast
 22310 | Orc:2    | Entered Level 2 of the Orcish Mines
 22310 | Orc:2    | Noticed an ettin
 22465 | Lair:5   | XOM: potion effect (might)
 22469 | Lair:5   | XOM: summons 2 friendly demons
 22471 | Lair:5   | XOM: enchant monster (good)
 22664 | Lair:5   | XOM: scenery: create altars
 22869 | Lair:5   | XOM: scenery: create altars
 22894 | Lair:5   | XOM: mild Erth miscast
 23115 | Lair:5   | Reached skill level 5 in Armour
 23134 | Lair:5   | XOM: cloud trail
 23241 | Lair:5   | XOM: chaos cloud
 23251 | Lair:5   | XOM: mild Conj miscast
 23416 | Lair:5   | Reached XP level 14. HP: 111/121 MP: 20/20
 23502 | Lair:6   | Entered Level 6 of the Lair of Beasts
 23569 | Lair:6   | Noticed a dire elephant
 23579 | Lair:6   | XOM: repel stairs
 23775 | Lair:6   | Reached skill level 5 in Evocations
 23811 | Lair:6   | XOM: harmless Pois miscast
 23818 | Lair:6   | Killed a dire elephant
 23958 | Lair:5   | Cast into level 2 of the Abyss (Xom)
 23958 | Abyss:2  | Found a corrupted altar of Lugonu.
 23982 | Abyss:2  | Found a corrupted altar of Lugonu.
 23995 | Abyss:2  | Found a corrupted altar of Lugonu.
 24001 | Lair:5   | Escaped the Abyss
 24092 | Lair:5   | XOM: medium Hex miscast
 24108 | Lair:6   | XOM: divination: magic mapping
 24270 | Lair:6   | XOM: cleaving
 24274 | Lair:6   | XOM: god gift: gnarled jewelled staff {god gift}
 24290 | Lair:6   | XOM: divination: detect creatures
 24322 | Lair:6   | XOM: summons 8 friendly demons
 24451 | Lair:6   | XOM: harmless Air miscast
 24467 | Lair:6   | Found a staircase to the Slime Pits.
 24478 | Lair:6   | XOM: harmless Summ miscast
 24570 | Lair:6   | XOM: divination: detect creatures
 24602 | Lair:6   | XOM: divination: magic mapping
 24828 | Lair:6   | XOM: mild Fire miscast
 24899 | Lair:6   | XOM: silly message
 24954 | Lair:6   | XOM: mild Tloc miscast
 24957 | Lair:6   | Cast into level 1 of the Abyss (spatial vortex)
 25005 | Abyss:1  | Noticed a lich
 25010 | Abyss:1  | Killed a lich
 25014 | Abyss:1  | Noticed a starcursed mass
 25067 | Abyss:1  | Noticed a lorocyproca
 25072 | Abyss:1  | XOM: potion effect (invisibility)
 25086 | Abyss:1  | XOM: potion effect (might)
 25087 | Abyss:1  | XOM: harmless Conj miscast
 25130 | Abyss:1  | Noticed a tentacled starspawn
 25138 | Abyss:1  | Killed a lorocyproca
 25142 | Abyss:1  | XOM: noise
 25143 | Abyss:1  | Killed a tentacled starspawn
 25143 | Abyss:1  | Reached skill level 1 in Necromancy
 25325 | Abyss:1  | XOM: give mutation
 25325 | Abyss:1  | Gained mutation: Your flesh is cold resistant. (rC+) [Xom's
                  | grace]
 25327 | Abyss:1  | Found a deep blue altar of Sif Muna.
 25330 | Abyss:1  | XOM: summons friendly white imp
 25356 | Abyss:1  | XOM: enchant monster (good)
 25383 | Abyss:1  | XOM: fog
 25433 | Abyss:1  | XOM: cleaving
 25574 | Abyss:1  | XOM: give mutations
 25574 | Abyss:1  | Gained mutation: You are robust. (+10% HP) [Xom's grace]
 25574 | Abyss:1  | Gained mutation: You are covered in fur. (AC +1) [Xom's
                  | grace]
 25574 | Abyss:1  | Gained mutation: You are partially covered in iridescent
                  | scales. (AC +2) [Xom's grace]
 25574 | Abyss:1  | Gained mutation: You are partially covered in rugged brown
                  | scales. (AC +1, +3% HP) [Xom's grace]
 25575 | Abyss:1  | XOM: give mutation
 25575 | Abyss:1  | Gained mutation: Your system is resistant to poisons.
                  | (rPois) [Xom's grace]
 25814 | Abyss:1  | Noticed a starcursed mass
 25824 | Abyss:1  | XOM: summons 9 friendly demons
 25837 | Abyss:1  | XOM: summons 12 friendly demons
 25864 | Abyss:1  | XOM: polymorph sun demon -> soul eater
 25881 | Abyss:1  | XOM: cast spell 'Call Canine Familiar'
 25892 | Abyss:1  | XOM: confuse monster(s)
 25895 | Abyss:1  | XOM: divination: detect creatures
 25960 | Abyss:1  | Noticed a starcursed mass
 25971 | Abyss:1  | Noticed a lich
 26008 | Abyss:1  | XOM: fake destruction
 26021 | Abyss:1  | Reached XP level 15. HP: 112/143 MP: 21/21
 26058 | Lair:6   | Escaped the Abyss
 26260 | D:12     | XOM: divination: detect items
 26276 | D:12     | Reached skill level 15 in Fighting
 26277 | D:12     | Noticed Azrael
 26282 | D:12     | XOM: confuse monster(s)
 26295 | D:12     | Killed Azrael
 26379 | D:12     | XOM: harmless Erth miscast
 26460 | D:12     | XOM: enchant monster (bad)
 26492 | D:12     | XOM: cast spell 'Discord'
 26512 | D:12     | XOM: scenery: create altars
 26568 | D:12     | XOM: medium Ice miscast
 26629 | D:12     | XOM: polymorph two-headed ogre -> shock serpent
 27306 | D:13     | XOM: potion effect (agility)
 27589 | D:13     | XOM: harmless Tloc miscast
 27608 | D:13     | XOM: divination: detect items
 27618 | D:13     | XOM: divination: detect creatures
 27645 | D:13     | XOM: confuse monster(s)
 27646 | D:13     | XOM: blink monster(s)
 27949 | D:13     | XOM: divination: detect items
 28044 | D:13     | XOM: cast spell 'Summon Dragon'
 28249 | D:13     | XOM: confuse monster(s)
 28285 | D:13     | Reached skill level 5 in Spellcasting
 28424 | D:13     | XOM: mild Hex miscast
 28437 | D:13     | XOM: cloud trail
 28652 | D:13     | XOM: medium Ice miscast
 28722 | D:12     | XOM: enchant monster (good)
 28723 | D:12     | XOM: enchant monster (good)
 28732 | D:12     | XOM: blink monster(s)
 29150 | D:13     | XOM: mild Fire miscast
 29424 | D:14     | Found a gate to the Vaults.
 29424 | D:14     | Noticed Rupert
 29512 | D:14     | Killed Rupert
 29548 | D:14     | XOM: enchant monster (good)
 29707 | D:14     | XOM: polymorph human -> hornet
 29710 | D:14     | XOM: confuse monster(s)
 29727 | D:14     | Reached XP level 16. HP: 131/153 MP: 24/24
 29888 | D:14     | XOM: enchant monster (good)
 30158 | D:14     | XOM: summons 4 friendly demons
 30159 | D:14     | XOM: divination: magic mapping
 30284 | D:14     | XOM: scenery: create altars
 30428 | D:14     | XOM: chaos cloud
 30549 | D:14     | XOM: divine lightning
 30626 | D:14     | XOM: give mutations
 30626 | D:14     | Gained mutation: You have large cloven feet. [Xom's grace]
 30626 | D:14     | Gained mutation: You evolve. [Xom's grace]
 30654 | D:15     | Entered Level 15 of the Dungeon
 30699 | D:15     | Gained mutation: Your flesh is very cold resistant. (rC++)
                  | [evolution]
 30857 | D:15     | XOM: give mutations
 30857 | D:15     | Gained mutation: You have a pair of small antennae on your
                  | head. [Xom's grace]
 30857 | D:15     | Gained mutation: Your spells are a little harder to cast,
                  | but a little more powerful. [Xom's grace]
 30884 | D:15     | XOM: stat loss: -1 Int (15/16)
 30904 | D:15     | XOM: swap monsters
 30927 | D:15     | XOM: polymorph hippogriff -> dream sheep
 30930 | D:15     | XOM: polymorph cyan ugly thing -> brown ugly thing
 31372 | Orc:2    | Found Tobruhet's Food Emporium.
 31375 | Orc:2    | XOM: 5-stop teleportation journey
 31384 | Orc:2    | Found a roughly hewn altar of Beogh.
 31384 | Orc:2    | Found Dunkiar's General Store.
 31384 | Orc:2    | Found a roughly hewn altar of Beogh.
 31384 | Orc:2    | XOM: 5-stop teleportation journey
 31539 | Orc:2    | XOM: stat loss: -1 Str (12/13)
 31575 | Orc:2    | Noticed Urug
 31585 | Orc:2    | XOM: 2-stop teleportation journey
 31825 | Orc:2    | Noticed Nergalle
 31973 | Orc:2    | XOM: mild Conj miscast
 32130 | Orc:2    | XOM: destruction
 32134 | Orc:2    | Killed Nergalle
 32134 | Orc:2    | Reached skill level 10 in Armour
 32230 | Orc:2    | Noticed Blork the orc
 32238 | Orc:2    | Killed Blork the orc
 32242 | Orc:2    | Found Luqig's Jewellery Emporium.
 32246 | Orc:2    | Found Xatextul's Antique Weapon Emporium.
 32246 | Orc:2    | XOM: 1-stop teleportation journey
 32251 | Orc:2    | XOM: polymorph soul eater -> sun demon
 32262 | Orc:2    | Killed Urug
 32422 | Orc:1    | XOM: confuse monster(s)
 32428 | Orc:1    | XOM: summons 6 friendly demons
 32628 | Orc:2    | Found Cushreff's Antique Armour Emporium.
 32634 | Orc:2    | Bought a pair of faintly glowing gloves for 285 gold pieces
 32636 | Orc:2    | Identified the +1 pair of gloves "Afufaj" {rC- Str+3} (You
                  | bought it in a shop on level 2 of the Orcish Mines)
 32680 | Orc:2    | Bought 6 needles of confusion for 48 gold pieces
 32689 | Orc:2    | Found a staircase to the Elven Halls.
 32921 | D:10     | XOM: scenery: create altars
 32963 | Snake:1  | Entered Level 1 of the Snake Pit
 32966 | Snake:1  | XOM: divination: detect creatures
 32972 | Snake:1  | XOM: god gift: 38 gold pieces
 33170 | Snake:1  | XOM: divination: magic mapping
 33213 | Snake:1  | XOM: swap monsters
 33355 | Snake:1  | XOM: divination: magic mapping
 33374 | Snake:1  | Found a runed translucent door.
 33491 | Snake:1  | XOM: potion effect (magic)
 33492 | Snake:1  | XOM: harmless Tloc miscast
 33551 | Snake:1  | XOM: potion effect (brilliance)
 33776 | Snake:1  | XOM: polymorph naga sharpshooter -> glowing shapeshifter
 33845 | Snake:1  | XOM: noise
 33896 | Snake:1  | XOM: 2-stop teleportation journey
 33902 | Snake:1  | XOM: confuse monster(s)
 33908 | Snake:1  | Reached XP level 17. HP: 145/162 MP: 18/26
 33912 | Snake:1  | XOM: cast spell 'Olgreb's Toxic Radiance'
 33922 | Snake:1  | XOM: confuse monster(s)
 33933 | Snake:1  | XOM: enchant monster (good)
 33935 | Snake:1  | XOM: 1-stop teleportation journey
 34008 | Snake:1  | XOM: summons 3 friendly demons
 34016 | Snake:1  | XOM: summons friendly iron imp
 34031 | Snake:1  | XOM: scenery: create altars
 34207 | Snake:1  | XOM: scenery: create altars
 34362 | Snake:1  | Lost mutation: You are dopey. (Int -2) [evolution]
 34396 | Snake:1  | XOM: 1-stop teleportation journey
 34666 | Snake:1  | XOM: mild Conj miscast
 34857 | Snake:1  | XOM: 7-stop teleportation journey
 34926 | Snake:2  | XOM: scenery: create altars
 34928 | Snake:2  | XOM: harmless Conj miscast
 34929 | Snake:2  | XOM: enchant monster (bad)
 35032 | Snake:2  | XOM: harmless Fire miscast
 35070 | Snake:2  | XOM: scenery: create altars
 35080 | Snake:2  | XOM: enchant monster (good)
 35369 | Snake:2  | Reached skill level 15 in Axes
 35473 | Snake:2  | XOM: god gift: 25 gold pieces
 35769 | Snake:2  | XOM: summons friendly white imp
 35786 | Snake:2  | XOM: polymorph salamander -> polar bear
 35800 | Snake:2  | XOM: 3-stop teleportation journey
 35854 | Snake:2  | XOM: summons 3 hostile shadow creatures
 36378 | Snake:2  | Found Rogad's Antique Armour Shop.
 36386 | Snake:2  | Bought a garnet-encrusted plate armour for 868 gold pieces
 36388 | Snake:2  | Identified the +9 plate armour of Somewhere Else {+Blink
                  | rCorr Int+4} (You bought it in a shop on level 2 of the
                  | Snake Pit)
 36614 | Snake:2  | XOM: mild Tmut miscast
 37136 | Snake:3  | XOM: medium Tloc miscast
 37924 | Swamp:1  | Entered Level 1 of the Swamp
 37928 | Swamp:1  | XOM: enchant monster (bad)
 37931 | Swamp:1  | XOM: enchant monster (good)
 37955 | Lair:4   | XOM: smoke on damage
 38029 | Swamp:1  | XOM: noise
 38312 | Swamp:1  | XOM: divination: detect items
 38315 | Swamp:1  | XOM: divination: detect items
 38501 | Swamp:1  | Noticed a tentacled monstrosity
 38505 | Swamp:1  | XOM: summons 3 friendly demons
 38507 | Swamp:1  | XOM: potion effect (might)
 38516 | Swamp:1  | Killed a tentacled monstrosity
 38594 | Swamp:1  | XOM: harmless Air miscast
 38912 | Swamp:1  | XOM: god gift: wand of random effects (17)
 39001 | Swamp:1  | XOM: harmless Air miscast
 39061 | Swamp:1  | XOM is BORED!
 39148 | Swamp:1  | XOM: mild Pois miscast
 39244 | Swamp:2  | Noticed Frances
 39257 | Swamp:2  | Killed Frances
 39332 | Swamp:2  | XOM: divine lightning
 39457 | Swamp:2  | XOM: 3-stop teleportation journey
 39530 | Swamp:2  | Reached XP level 18. HP: 138/172 MP: 21/27
 39734 | Swamp:2  | XOM: mild Hex miscast
 39738 | Swamp:2  | XOM: blink monster(s)
 39929 | Swamp:2  | XOM: harmless Tloc miscast
 39983 | Swamp:2  | XOM: potion effect (brilliance)
 40217 | Swamp:2  | XOM: harmless Fire miscast
 40493 | Swamp:3  | XOM: potion effect (might)
 40546 | Swamp:3  | XOM: harmless Erth miscast
 40563 | Swamp:3  | XOM: potion effect (invisibility)
 40717 | Swamp:3  | Identified the cursed +0 ring mail of Okutziaff {rN+ Regen+
                  | MP-9} (You found it on level 3 of the Swamp)
 40772 | Swamp:3  | Noticed Jorgrun
 40784 | Swamp:3  | Killed Jorgrun
 41160 | Swamp:3  | XOM: silly message
 41257 | Swamp:3  | XOM: stat loss: -1 Int (17/18)
 41506 | Swamp:4  | Entered Level 4 of the Swamp
 41539 | Swamp:4  | XOM: enchant monster (good)
 41626 | Swamp:4  | XOM: cleaving
 41627 | Swamp:4  | XOM: confuse monster(s)
 41636 | Swamp:4  | XOM: confuse monster(s)
 41657 | Swamp:4  | XOM: scenery: create altars
 41669 | Swamp:4  | XOM: destruction
 41681 | Swamp:3  | XOM: polymorph red very ugly thing -> purple very ugly
                  | thing
 41684 | Swamp:3  | XOM: give mutations
 41684 | Swamp:3  | Lost mutation: You are clumsy. (Dex -2) [Xom's grace]
 41684 | Swamp:3  | Gained mutation: Your spells are harder to cast, but more
                  | powerful. [Xom's grace]
 41684 | Swamp:3  | Gained mutation: You have an increased reservoir of magic.
                  | (+10% MP) [Xom's grace]
 41684 | Swamp:3  | Gained mutation: You are agile. (Dex +2) [Xom's grace]
 41930 | Swamp:4  | XOM is BORED!
 41930 | Swamp:4  | XOM: mild Chrm miscast
 41990 | Swamp:4  | XOM: summons friendly iron imp
 42171 | Swamp:3  | XOM: harmless Summ miscast
 42350 | Swamp:4  | XOM: god gift: droning book {god gift}
 42350 | Swamp:4  | Identified Xom's Catalogue of Intimidation (Xom gifted it
                  | to you on level 4 of the Swamp)
 42351 | Swamp:4  | Lost mutation: Scrolls take you a little longer to read.
                  | [evolution]
 42410 | Swamp:4  | XOM: noise
 42439 | Swamp:4  | XOM: smoke on damage
 42684 | Swamp:4  | Got a decaying rune of Zot
 42941 | Swamp:4  | XOM: mild Summ miscast
 43115 | Swamp:4  | XOM: 3-stop teleportation journey
 43121 | Swamp:4  | Reached XP level 19. HP: 175/181 MP: 29/31
 43223 | Swamp:4  | XOM: 6-stop teleportation journey
 43278 | Swamp:4  | XOM: give mutation
 43278 | Swamp:4  | Gained mutation: You have hoof-like feet. [Xom's grace]
 43296 | Swamp:4  | XOM: divination: magic mapping
 43385 | Swamp:4  | XOM is BORED!
 43385 | Swamp:4  | XOM: severe Air miscast
 43405 | Swamp:4  | XOM: god gift: 18 arrows
 43626 | D:11     | XOM: silly message
 43674 | Vaults:1 | Entered Level 1 of the Vaults
 43793 | Vaults:1 | XOM: god gift: short sword {god gift}
 44236 | Vaults:1 | XOM: silly message
 44324 | Vaults:1 | XOM: swap monsters
 44490 | Vaults:1 | XOM: fake destruction
 44493 | Vaults:1 | XOM: polymorph stone giant -> frost giant
 44536 | Vaults:1 | XOM: stat loss: -1 Int (17/18)
 44618 | Vaults:1 | XOM: god gift: scroll of holy word
 44769 | Vaults:1 | XOM: god gift: 12 gold pieces
 44879 | Vaults:1 | XOM: enchant monster (good)
 45375 | Vaults:1 | Reached skill level 15 in Armour
 45574 | Vaults:2 | Found Zusytoan's Antique Weapon Boutique.
 45581 | Vaults:2 | Noticed Jory
 45586 | Vaults:2 | XOM: destruction
 45588 | Vaults:2 | XOM: cast spell 'Summon Small Mammal'
 45600 | Vaults:2 | Killed Jory
 45691 | Vaults:2 | Found Obohul's Weapon Shop.
 45697 | Vaults:2 | XOM: destruction
 45750 | Vaults:2 | XOM: swap monsters
 45758 | Vaults:2 | XOM: summons friendly white imp
 46156 | Vaults:2 | Found Ugodghez's Gadget Shoppe.
 46188 | Vaults:2 | Bought a wand of clouds (4) for 456 gold pieces
 46188 | Vaults:2 | Bought a fan of gales for 760 gold pieces
 46226 | Vaults:2 | XOM: destruction
 46262 | Vaults:2 | Found Caudgh's Weapon Emporium.
 46265 | Vaults:2 | XOM: divination: magic mapping
 46283 | Vaults:2 | XOM: enchant monster (bad)
 46312 | Vaults:2 | Reached XP level 20. HP: 192/192 MP: 32/32
 46514 | Vaults:2 | XOM: summons 11 friendly demons
 46525 | Vaults:2 | Noticed an Ice Fiend
 46530 | Vaults:2 | Noticed a Hell Sentinel
 46530 | Vaults:2 | an Ice Fiend changed into a Hell Sentinel
 46530 | Vaults:2 | XOM: polymorph Ice Fiend -> Hell Sentinel
 46614 | Vaults:2 | XOM: 9-stop teleportation journey
 46766 | Vaults:2 | XOM: harmless Ice miscast
 46816 | Vaults:2 | XOM: give mutations
 46816 | Vaults:2 | Lost mutation: Your body sometimes deteriorates upon taking
                  | damage. [Xom's mischief]
 46816 | Vaults:2 | Lost mutation: You are covered in fur. (AC +1) [Xom's
                  | mischief]
 46816 | Vaults:2 | Lost mutation: You evolve. [Xom's mischief]
 46816 | Vaults:2 | Lost mutation: You possess an exceptional clarity of mind.
                  | [Xom's mischief]
 47007 | Vaults:2 | XOM: harmless Summ miscast
 47084 | Vaults:2 | XOM: harmless Fire miscast
 47086 | Vaults:2 | XOM: polymorph orc knight -> mana viper
 47789 | Vaults:3 | Found a staircase to the Crypt.
 47789 | Vaults:3 | Found an ancient bone altar of Kikubaaqudgha.
 47833 | Vaults:3 | XOM: chaos upgrade
 47971 | Vaults:3 | Found Pyheugax's Assorted Antiques.
 47978 | Vaults:3 | Bought a scroll of magic mapping for 136 gold pieces
 47978 | Vaults:3 | Bought a wand of digging (5) for 312 gold pieces
 48029 | Vaults:3 | XOM: enchant monster (good)
 48044 | Vaults:3 | Found a ruined gateway.
 48062 | Desolati | Entered the Desolation of Salt
 48183 | Desolati | XOM: fake destruction
 48242 | Desolati | XOM: confusion (+ monsters)
 48279 | Desolati | XOM: harmless Air miscast
 48516 | Desolati | XOM: mild Pois miscast
 48543 | Desolati | XOM: scenery: create altars
 48574 | Desolati | Identified the +1 glaive of Beelol {chop, *Rage rPois MR+
                  | Int+7}
 48591 | Desolati | Got a transparent scale mail
 48602 | Desolati | Identified the +6 scale mail of the Trout {Stlth+} (You
                  | found it in the Desolation of Salt)
 48760 | Desolati | Got a slimy amber ring
 48763 | Desolati | XOM: give mutations
 48763 | Desolati | Lost mutation: You are agile. (Dex +2) [Xom's mischief]
 48763 | Desolati | Lost mutation: Your flesh is very cold resistant. (rC++)
                  | [Xom's mischief]
 48763 | Desolati | Gained mutation: You occasionally shout uncontrollably at
                  | your foes. [Xom's mischief]
 48763 | Desolati | Lost mutation: You have a pair of small antennae on your
                  | head. [Xom's mischief]
 48773 | Desolati | Identified the ring of Qaegafi {rC+ Str+4 Dex+2 SInv} (You
                  | found it in the Desolation of Salt)
 48776 | Desolati | Got a flickering sapphire amulet
 48778 | Desolati | Identified the amulet "Ledageuv" {Harm *Drain Fragile rElec
                  | MR+ Int+6} (You found it in the Desolation of Salt)
 48793 | Desolati | Got a steaming glass ring
 48795 | Desolati | Identified the ring "Liehyit" {Wiz MR+ Str+5} (You found it
                  | in the Desolation of Salt)
 48814 | Desolati | Reached skill level 10 in Dodging
 48922 | Desolati | Reached XP level 21. HP: 201/201 MP: 33/33
 49050 | Desolati | XOM: fog
 49060 | Desolati | Identified the ring "Fudyiw" {Str+3 Dex+3 Stlth-}
 49073 | Desolati | Identified the Almanac of Boosting Lightness
 49075 | Desolati | Identified the Volume of Attacks
 49131 | Desolati | XOM: give mutation
 49131 | Desolati | Gained mutation: You have hooves in place of feet. [Xom's
                  | grace]
 49315 | Vaults:3 | XOM: summons friendly iron imp
 49321 | Vaults:3 | XOM: confuse monster(s)
 49324 | Vaults:3 | XOM: divination: magic mapping
 49374 | Vaults:3 | XOM: polymorph purple ugly thing -> red ugly thing
 49900 | Vaults:3 | XOM: scenery: 2 doors close
 50143 | Vaults:3 | XOM: cast spell 'Death Channel'
 50497 | Vaults:2 | XOM: noise
 50501 | Vaults:3 | XOM: fog
 50512 | Vaults:3 | XOM: divination: detect items
 51133 | Vaults:4 | XOM: stealth player
 51156 | Vaults:4 | XOM: cloud trail
 51171 | Vaults:4 | XOM: 7-stop teleportation journey
 51201 | Vaults:4 | XOM: fog
 51209 | Vaults:4 | XOM: summons friendly iron imp
 51222 | Vaults:4 | XOM: potion effect (haste)
 51224 | Vaults:4 | XOM: potion effect (haste)
 51247 | Vaults:4 | XOM: scenery: 1 doors open
 51338 | Vaults:4 | XOM: 1-stop teleportation journey
 51408 | Vaults:4 | XOM: mild Summ miscast
 51432 | Vaults:4 | Reached XP level 22. HP: 210/212 MP: 31/34
 51445 | Vaults:4 | XOM: polymorph ironbrand convoker -> lindwurm
 51832 | Vaults:4 | Found the +3 crown of Dyrovepreva {rElec Int+2 SInv}
 51846 | Vaults:4 | Found a radiant altar of Vehumet.
 51871 | Vaults:4 | Identified the cursed +0 hat of Ozxiymp {rN++ Str+2 Int+3
                  | Dex-2} (You found it on level 4 of the Vaults)
 51964 | Vaults:4 | XOM: repel stairs
 52051 | Vaults:4 | XOM: summons 1 hostile shadow creature
 52289 | Vaults:4 | XOM is BORED!
 52289 | Vaults:4 | XOM: mild Air miscast
 52658 | Vaults:1 | XOM: harmless Pois miscast
 52662 | Vaults:1 | XOM: harmless Conj miscast
 52833 | Snake:3  | Noticed Asterion
 52839 | Snake:3  | XOM: polymorph naga -> acid dragon
 52852 | Snake:3  | XOM: swap monsters
 52854 | Snake:3  | XOM: potion effect (brilliance)
 52862 | Snake:3  | Killed Asterion
 52868 | Snake:3  | XOM: 2-stop teleportation journey
 53059 | Snake:3  | XOM: harmless Chrm miscast
 53068 | Snake:3  | XOM: enchant monster (good)
 53077 | Snake:3  | XOM: swap monsters
 53080 | Snake:3  | XOM: mild Necr miscast
 53093 | Snake:3  | XOM: mild Conj miscast
 53421 | Snake:3  | XOM: chaos cloud
 53435 | Snake:3  | XOM: give mutations
 53435 | Snake:3  | Lost mutation: You occasionally shout uncontrollably at
                  | your foes. [Xom's mischief]
 53435 | Snake:3  | Lost mutation: You are resistant to hostile enchantments.
                  | (MR+) [Xom's mischief]
 53435 | Snake:3  | Lost mutation: You are robust. (+10% HP) [Xom's mischief]
 53513 | Snake:3  | Found Juner Ypuliz's Jewellery Shoppe.
 53513 | Snake:3  | Found Geluhasa's Gadget Boutique.
 53514 | Snake:3  | Found Emehi's Gadget Boutique.
 53519 | Snake:3  | Bought a lamp of fire for 480 gold pieces
 53617 | Snake:4  | Entered Level 4 of the Snake Pit
 53677 | Snake:4  | Learned a level 5 spell: Silence
 53975 | Snake:4  | XOM: potion effect (heal wounds)
 53978 | Snake:4  | Reached skill level 1 in Air Magic
 54043 | Snake:4  | XOM: harmless Hex miscast
 54280 | Snake:4  | XOM: polymorph shock serpent -> swamp dragon
 54284 | Snake:4  | XOM: noise
 54301 | Snake:4  | XOM: summons friendly shadow imp
 54482 | Snake:4  | XOM: silly message
 54492 | Snake:4  | XOM: harmless Summ miscast
 54638 | Snake:4  | XOM: potion effect (haste)
 54653 | Snake:4  | Reached skill level 5 in Hexes
 54877 | Snake:3  | XOM: harmless Hex miscast
 55064 | Snake:4  | Got a serpentine rune of Zot
 55209 | Snake:1  | XOM: enchant monster (good)
 55215 | Snake:1  | Reached XP level 23. HP: 193/201 MP: 31/36
 55435 | Elf:1    | Entered Level 1 of the Elven Halls
 55448 | Elf:1    | XOM: enchant monster (bad)
 55672 | Elf:1    | XOM: confusion
 55676 | Elf:1    | XOM: potion effect (agility)
 55753 | Elf:1    | XOM: god gift: runed helmet {god gift}
 55936 | Elf:1    | XOM: fake destruction
 55940 | Elf:1    | XOM: summons 4 friendly demons
 55941 | Elf:1    | XOM: enchant monster (good)
 55968 | Elf:1    | XOM: god gift: book of Death
 56071 | Elf:1    | XOM: cleaving
 56072 | Elf:1    | XOM: god gift: ration
 56242 | Elf:1    | XOM: 9-stop teleportation journey
 56821 | Elf:2    | Reached skill level 5 in Air Magic
 57521 | Elf:2    | Found Pustiyc's Weapon Shoppe.
 57613 | Elf:2    | Found a runed translucent gate.
 57614 | Elf:2    | Found a runed translucent gate.
 57619 | Elf:2    | Found a runed translucent gate.
 57721 | Elf:2    | XOM: potion effect (berserk rage)
 57832 | Elf:2    | XOM: god gift: scale mail {god gift}
 57995 | Elf:2    | XOM: scenery: create altars
 58115 | Elf:3    | Entered Level 3 of the Elven Halls
 58157 | Elf:3    | Identified the +1 plate armour of Udouceer {SInv Stlth+}
                  | (You found it on level 3 of the Elven Halls)
 58340 | Elf:3    | XOM: harmless Tloc miscast
 58375 | Elf:3    | XOM: 1-stop teleportation journey
 58401 | Elf:3    | XOM: confuse monster(s)
 58457 | Elf:3    | Reached XP level 24. HP: 211/211 MP: 32/36
 58489 | Elf:3    | XOM: cast spell 'Summon Mana Viper'
 58600 | Elf:3    | Got a crude golden amulet
 58601 | Elf:3    | Identified the amulet "Ruileack" {Spirit *Slow rC+ Str+3}
                  | (You found it on level 3 of the Elven Halls)
 58614 | Elf:3    | Identified the Almanac of Lethal Protection
 58626 | Elf:3    | Identified the cursed +1 chain mail of Gehenna {rF+ Str+3
                  | Int+3} (You found it on level 3 of the Elven Halls)
 58637 | Elf:3    | Got a faintly glowing copper ring
 58638 | Elf:3    | Identified the ring "Bumem" {rF+ MR+ Str+2} (You found it
                  | on level 3 of the Elven Halls)
 58688 | Elf:3    | Learned a level 5 spell: Summon Mana Viper
 59063 | Elf:3    | Identified the +6 morningstar of Sudden Death {crush, rC+
                  | Stlth+}
 59375 | D:7      | Bought a book of the Earth for 845 gold pieces
 59382 | D:7      | Learned a level 6 spell: Statue Form
 59547 | D:15     | Reached skill level 1 in Summonings
 59701 | D:15     | Noticed Kirke
 59705 | D:15     | Killed Kirke
 59730 | D:15     | Found a staircase to the Depths.
 59746 | D:15     | XOM: noise
 59821 | D:15     | Noticed Nessos
 59829 | D:15     | Killed Nessos
 59829 | D:15     | Reached skill level 1 in Transmutations
 59829 | D:15     | Reached skill level 1 in Earth Magic
 60228 | Depths:1 | Entered Level 1 of the Depths
 60360 | Depths:1 | Found Hoin Wieqo's Antique Weapon Shop.
 60368 | Depths:1 | Found Roby's Gadget Boutique.
 60429 | Depths:1 | XOM: summons 4 friendly demons
 60596 | Depths:1 | Found the +10 morningstar "Eos" {elec, Halo rElec}
 60724 | Depths:1 | Noticed a caustic shrike
 60736 | Depths:1 | Killed a caustic shrike
 60773 | Depths:1 | Found a one-way gate to the infinite horrors of the Abyss.
 60773 | Depths:1 | Found a gateway to a ziggurat.
 60839 | Depths:1 | XOM: fog
 60887 | Depths:1 | Found a gateway to Hell.
 60889 | Depths:1 | XOM: scenery: create altars
 61220 | Depths:1 | XOM: give mutation
 61220 | Depths:1 | Lost mutation: Your spells are harder to cast, but more
                  | powerful. [Xom's mischief]
 61344 | Depths:2 | XOM: stealth player
 61354 | Depths:2 | XOM: scenery: 1 doors open
 61393 | Depths:1 | XOM: give mutations
 61393 | Depths:1 | Gained mutation: You possess an exceptional clarity of
                  | mind. [Xom's grace]
 61393 | Depths:1 | Gained mutation: You are resistant to hostile enchantments.
                  | (MR+) [Xom's grace]
 61558 | Depths:2 | XOM: god gift: scroll of fog
 61839 | Depths:2 | XOM: give mutation
 61839 | Depths:2 | Gained mutation: You are resistant to electric shocks.
                  | (rElec) [Xom's grace]
 61979 | Depths:2 | XOM: potion effect (might)
 62050 | Depths:2 | XOM: god gift: wand of scattershot (7)
 62106 | Depths:2 | XOM: harmless Ice miscast
 62169 | Depths:2 | XOM: 2-stop teleportation journey
 62309 | Depths:2 | Identified the +2 battleaxe "Bepral" {speed, rPois MP+9
                  | Str+3 Dex+5}
 62328 | Depths:2 | Reached XP level 25. HP: 157/218 MP: 23/38
 62351 | Depths:2 | Found a runed translucent door.
 62357 | Depths:2 | Found a runed translucent door.
 62407 | Depths:2 | XOM: divination: detect creatures
 62542 | Depths:2 | XOM: 3-stop teleportation journey
 62601 | Depths:2 | Found a burning altar of Makhleb.
 62755 | Depths:2 | Identified the cursed +1 battleaxe of Gyig Agg {protect,
                  | rElec SInv} (You found it on level 2 of the Depths)
 62954 | Depths:2 | XOM: scenery: 1 doors close
 63151 | Depths:2 | XOM: harmless Conj miscast
 63309 | Depths:2 | XOM: god gift: 58 gold pieces
 63313 | Depths:2 | XOM: noise
 63510 | Depths:3 | Noticed Saint Roka
 63518 | Depths:3 | Reached skill level 5 in Earth Magic
 63524 | Depths:3 | Killed Saint Roka
 63524 | Depths:3 | Reached skill level 5 in Summonings
 63583 | Depths:3 | Reached skill level 5 in Transmutations
 63657 | Depths:3 | XOM: medium Ice miscast
 63806 | Depths:3 | XOM: cleaving
 63808 | Depths:3 | XOM: 7-stop teleportation journey
 63956 | Depths:3 | XOM: 2-stop teleportation journey
 63989 | Depths:3 | XOM: polymorph cyclops -> eye of devastation
 64015 | Depths:3 | XOM: harmless Necr miscast
 64269 | Depths:3 | XOM: mild Pois miscast
 64436 | Depths:3 | XOM: divination: magic mapping
 64550 | Depths:3 | XOM: mild Tmut miscast
 64592 | Depths:3 | Found a one-way gate leading to the halls of Pandemonium.
 64809 | Depths:3 | XOM: torment (131/218 hp)
 65053 | Depths:4 | XOM: mild Air miscast
 65652 | Depths:4 | XOM: cast spell 'Summon Mana Viper'
 66104 | Depths:4 | Reached XP level 26. HP: 183/226 MP: 30/40
 66319 | Depths:3 | XOM: medium Fire miscast
 66404 | Depths:4 | XOM: mild Chrm miscast
 66554 | Depths:4 | XOM: harmless Tmut miscast
 67082 | Depths:5 | Entered Level 5 of the Depths
 67088 | Depths:5 | Found Cixzirorr's Armour Shop.
 67149 | Depths:5 | Found Xounuoz's Magic Scroll Boutique.
 67175 | Depths:5 | Found Teyhuez's Jewellery Shoppe.
 67196 | Depths:5 | Found Rimy's Book Shop.
 67198 | Depths:5 | XOM: noise
 67212 | Depths:5 | XOM: swap monsters
 67224 | Depths:5 | XOM: scenery: 3 doors open, 1 doors close
 67395 | Depths:5 | XOM: 1-stop teleportation journey
 67407 | Depths:5 | XOM: 2-stop teleportation journey
 67673 | Depths:5 | Found a gate to the Realm of Zot.
 67677 | Depths:5 | XOM: harmless Fire miscast
 67683 | Depths:5 | Reached skill level 10 in Spellcasting
 67799 | Depths:5 | XOM: 1-stop teleportation journey
 67810 | Depths:5 | XOM: swap monsters
 68132 | Depths:5 | Found Owyiw's Antique Weapon Shop.
 68247 | Depths:5 | XOM: noise
 68717 | Vaults:1 | XOM: divination: detect items
 68791 | Vaults:3 | Found a basalt altar of Yredelemnul.
 68801 | Crypt:1  | Entered Level 1 of the Crypt
 68829 | Crypt:1  | Reached skill level 10 in Hexes
 68894 | Crypt:1  | Noticed Frederick
 68897 | Crypt:1  | XOM: enchant monster (bad)
 68909 | Crypt:1  | XOM: medium Necr miscast
 68912 | Crypt:1  | Killed Frederick
 68934 | Crypt:1  | XOM: noise
 68949 | Crypt:1  | Identified the ring "Ywotac" {rN+ Dex+3} (You found it on
                  | level 1 of the Crypt)
 68993 | Crypt:1  | Found the +7 Spriggan's Knife {stab, EV+4 Stlth+}
 69160 | Crypt:1  | XOM: cloud trail
 69188 | Crypt:1  | XOM: 2-stop teleportation journey
 69291 | Crypt:1  | XOM: give mutations
 69291 | Crypt:1  | Gained mutation: You expend magic power (3 MP) to
                  | strengthen your wands. [Xom's grace]
 69291 | Crypt:1  | Gained mutation: You have very sharp teeth. [Xom's grace]
 69291 | Crypt:1  | Gained mutation: Your natural rate of healing is unusually
                  | fast. [Xom's grace]
 69310 | Crypt:1  | XOM: mild Tloc miscast
 69402 | Crypt:2  | Found an ancient bone altar of Kikubaaqudgha.
 69402 | Crypt:2  | XOM: noise
 69480 | Crypt:2  | Reached XP level 27. HP: 158/232 MP: 29/40
 69513 | Crypt:2  | XOM: divine lightning
 69546 | Crypt:2  | Reached skill level 10 in Earth Magic
 69576 | Crypt:1  | XOM: summons friendly white imp
 69743 | Crypt:2  | Reached skill level 10 in Transmutations
 69842 | Crypt:2  | XOM: 5-stop teleportation journey
 69886 | Crypt:2  | XOM: scenery: 2 doors close
 70199 | Crypt:3  | Entered Level 3 of the Crypt
 70205 | Crypt:3  | XOM: 2-stop teleportation journey
 70225 | Crypt:3  | Found a basalt altar of Yredelemnul.
 70225 | Crypt:3  | Noticed an ancient lich
 70236 | Crypt:3  | Killed an ancient lich
 70283 | Crypt:3  | Identified Kunn's Disquisition on Vitriolic Calling
 70359 | Crypt:3  | XOM: harmless Tloc miscast
 70442 | Crypt:3  | XOM: medium Conj miscast
 70590 | Crypt:3  | Identified the ring of Ycvis {rN+ Dex+3} (You found it on
                  | level 3 of the Crypt)
 70591 | Crypt:3  | Identified the ring "Leymud" {rN+ Dex+2} (You found it on
                  | level 3 of the Crypt)
 70592 | Crypt:3  | Identified the ring of the Manifold Places {rN+ Dex+2} (You
                  | found it on level 3 of the Crypt)
 70650 | Crypt:3  | XOM: enchant monster (bad)
 70815 | Crypt:3  | XOM: mild Summ miscast
 70827 | Crypt:3  | XOM: cleaving
 70839 | Crypt:3  | XOM: swap monsters
 70845 | Crypt:3  | XOM: noise
 70899 | Crypt:3  | XOM: scenery: 1 doors close
 70915 | Crypt:3  | XOM: noise
 70920 | Crypt:3  | XOM: give mutations
 70920 | Crypt:3  | Lost mutation: You expend magic power (3 MP) to strengthen
                  | your wands. [Xom's mischief]
 70920 | Crypt:3  | Lost mutation: Your flesh is cold resistant. (rC+) [Xom's
                  | mischief]
 71066 | Crypt:3  | Found a staircase to the Tomb.
 71109 | Crypt:3  | XOM: harmless Hex miscast
 71122 | Crypt:3  | XOM: medium Ice miscast
 71286 | Crypt:3  | XOM: medium Ice miscast
 71314 | Tomb:1   | Entered Level 1 of the Tomb of the Ancients
 71399 | Tomb:1   | XOM: cast spell 'Shadow Creatures'
 71484 | Tomb:1   | XOM: harmless Air miscast
 71549 | Tomb:1   | XOM: 2-stop teleportation journey
 71574 | Tomb:1   | Noticed an ancient lich
 71581 | Tomb:1   | Killed an ancient lich
 71581 | Tomb:1   | XOM: harmless Ice miscast
 71884 | Vaults:3 | Bought a potion of haste for 390 gold pieces
 71884 | Vaults:3 | Bought a scroll of holy word for 292 gold pieces
 71904 | Vaults:3 | XOM: mild Erth miscast
 72044 | Tomb:1   | Learned a level 6 spell: Darkness
 72172 | Tomb:1   | XOM: god gift: ration
 72431 | Tomb:1   | XOM: divination: detect items
 72444 | Tomb:1   | XOM: summons friendly shadow imp
 72688 | Tomb:1   | XOM: harmless Pois miscast
 72765 | Tomb:2   | Noticed a greater mummy
 72769 | Tomb:2   | XOM: scenery: 1 doors close
 72774 | Tomb:2   | Noticed an ancient lich
 72776 | Tomb:2   | Killed a greater mummy
 72777 | Tomb:2   | Noticed a greater mummy
 72780 | Tomb:2   | Noticed a greater mummy
 72783 | Tomb:2   | Noticed a greater mummy
 72783 | Tomb:2   | Noticed a greater mummy
 72783 | Tomb:2   | Noticed Khufu
 72788 | Tomb:1   | Killed an ancient lich
 72821 | Tomb:1   | XOM: mild Chrm miscast
 72947 | Tomb:2   | XOM: snakes to sticks
 72961 | Tomb:2   | Killed a greater mummy
 73339 | Tomb:3   | Entered Level 3 of the Tomb of the Ancients
 73373 | Tomb:3   | XOM: potion effect (agility)
 73375 | Tomb:3   | Noticed a greater mummy
 73380 | Tomb:3   | XOM: enchant monster (bad)
 73383 | Tomb:3   | XOM: silly message
 73395 | Tomb:3   | XOM: enchant monster (bad)
 73410 | Tomb:3   | XOM: swap monsters
 73412 | Tomb:3   | XOM: mild Pois miscast
 73417 | Tomb:3   | Noticed a greater mummy
 73422 | Tomb:3   | Killed a greater mummy
 73423 | Tomb:3   | Killed a greater mummy
 73431 | Tomb:3   | Noticed a greater mummy
 73442 | Tomb:3   | Killed a greater mummy
 73630 | Tomb:2   | XOM: scenery: 1 doors close
 73640 | Tomb:2   | XOM: god gift: 13 stones
 73777 | Tomb:3   | Noticed a greater mummy
 73783 | Tomb:3   | XOM: summons friendly ufetubus
 73787 | Tomb:3   | Killed a greater mummy
 73917 | Tomb:3   | Got a smoking silver amulet
 73918 | Tomb:3   | Identified the amulet "Didwew" {Reflect Str+4 SH+2} (You
                  | found it on level 3 of the Tomb of the Ancients)
 73947 | Tomb:3   | Identified Cemuusen's Handbook of Good Luck and Unholy Arts
 73949 | Tomb:3   | Identified the Collected Works on Harmful Stones
 73964 | Tomb:3   | Learned a level 1 spell: Apportation
 73974 | Tomb:3   | Identified the Catalogue of the Creative Snowflakes
 73995 | Tomb:3   | Got a crude bone amulet
 73996 | Tomb:3   | Identified the amulet of Asyfetis {Harm *Drain MR+} (You
                  | found it on level 3 of the Tomb of the Ancients)
 74053 | Tomb:3   | Found the +4 skin of Zhor {Hibernate rC+++ SInv}
 74193 | Tomb:3   | Noticed a greater mummy
 74201 | Tomb:3   | Killed a greater mummy
 74201 | Tomb:3   | Reached skill level 1 in Translocations
 74265 | Tomb:3   | XOM: god gift: scroll of blinking
 74334 | Tomb:3   | XOM: 4-stop teleportation journey
 74348 | Tomb:3   | Noticed a greater mummy
 74355 | Tomb:3   | Killed a greater mummy
 74520 | Tomb:3   | Noticed a greater mummy
 74524 | Tomb:3   | XOM: divination: detect items
 74527 | Tomb:3   | XOM: summons 1 hostile demon
 74532 | Tomb:3   | Killed a greater mummy
 74629 | Tomb:3   | Got a golden rune of Zot
 74658 | Tomb:3   | Noticed a greater mummy
 74667 | Tomb:3   | Killed a greater mummy
 74738 | Tomb:3   | XOM: god gift: 16 arrows
 74769 | Tomb:3   | XOM: give mutations
 74769 | Tomb:3   | Gained mutation: You are highly resistant to hostile
                  | enchantments. (MR++) [Xom's grace]
 74769 | Tomb:3   | Lost mutation: You are weak. (Str -2) [Xom's grace]
 74769 | Tomb:3   | Gained mutation: You are partially covered in molten
                  | scales. (AC +2) [Xom's grace]
 74769 | Tomb:3   | Gained mutation: Your flesh is cold resistant. (rC+) [Xom's
                  | grace]
 74833 | Tomb:3   | Noticed a greater mummy
 74843 | Tomb:3   | XOM: scenery: 1 doors close
 74846 | Tomb:3   | XOM: enchant monster (bad)
 74848 | Tomb:3   | Killed a greater mummy
 74917 | Tomb:2   | Killed a greater mummy
 74965 | Tomb:1   | Noticed a greater mummy
 74966 | Tomb:1   | Noticed a greater mummy
 74967 | Tomb:1   | Noticed a greater mummy
 74971 | Tomb:1   | Noticed a greater mummy
 74972 | Tomb:1   | XOM: summons 2 friendly demons
 75328 | D:14     | XOM: give mutation
 75328 | D:14     | Gained mutation: You expend magic power (3 MP) to
                  | strengthen your wands. [Xom's grace]
 75448 | Depths:5 | Bought a scarf of resistance for 800 gold pieces
 75511 | Depths:2 | XOM: mild Pois miscast
 75771 | Snake:3  | Bought the ring of Rient {rF+ rN+ Int+3} for 680 gold
                  | pieces
 75775 | Snake:3  | XOM: medium Erth miscast
 76102 | Zot:1    | Entered Level 1 of the Realm of Zot
 76124 | Zot:1    | XOM: harmless Tmut miscast
 76135 | Zot:1    | XOM: noise
 76271 | Zot:1    | You fall through a shaft!
 76298 | Zot:2    | XOM: enchant monster (bad)
 76394 | Zot:2    | XOM: mild Necr miscast
 76716 | Zot:2    | XOM: 2-stop teleportation journey
 76831 | Zot:2    | XOM: give mutations
 76831 | Zot:2    | Lost mutation: Your spells are a little harder to cast, but
                  | a little more powerful. [Xom's mischief]
 76831 | Zot:2    | Lost mutation: You have hooves in place of feet. [Xom's
                  | mischief]
 76858 | Zot:2    | XOM: divination: magic mapping
 76879 | Zot:2    | XOM: give mutation
 76879 | Zot:2    | Lost mutation: Your flesh is cold resistant. (rC+) [Xom's
                  | mischief]
 77006 | Zot:1    | XOM: god gift: 8 stones
 77096 | Zot:1    | Found a runed translucent door.
 77096 | Zot:1    | Noticed Juzit's ghost (legendary GnFi)
 77332 | Zot:1    | XOM: enchant monster (good)
 78038 | Depths:1 | Bought a wand of digging (4) for 224 gold pieces
 78038 | Depths:1 | Bought a wand of clouds (4) for 336 gold pieces
 78061 | Depths:1 | XOM: give mutations
 78061 | Depths:1 | Lost mutation: Your natural rate of healing is unusually
                  | fast. [Xom's mischief]
 78061 | Depths:1 | Lost mutation: You have hoof-like feet. [Xom's mischief]
 78061 | Depths:1 | Lost mutation: You have large cloven feet. [Xom's mischief]
 78061 | Depths:1 | Lost mutation: You are highly resistant to hostile
                  | enchantments. (MR++) [Xom's mischief]
 78253 | D:8      | Bought a wand of digging (7) for 308 gold pieces
 78590 | Zot:1    | XOM: mild Chrm miscast
 78626 | Zot:2    | XOM: 9-stop teleportation journey
 78702 | Zot:2    | XOM: harmless Ice miscast
 78703 | Zot:2    | XOM: noise
 78729 | Zot:2    | Learned a level 6 spell: Invisibility
 79273 | Zot:2    | XOM: medium Chrm miscast
 79499 | Zot:2    | XOM: medium Summ miscast
 79500 | Zot:2    | XOM: scenery: create altars
 79504 | Zot:2    | XOM: mild Conj miscast
 79623 | Zot:2    | XOM: enchant monster (good)
 79664 | Zot:2    | XOM: 1-stop teleportation journey
 79679 | Zot:2    | XOM: cleaving
 79707 | Zot:2    | XOM: give mutation
 79707 | Zot:2    | Gained mutation: You have sharp fingernails. [Xom's grace]
 79739 | Zot:2    | XOM: god gift: 3 rations
 79767 | Zot:2    | XOM: cloud trail
 80035 | Zot:2    | XOM: fake destruction
 80120 | Zot:2    | Learned a level 6 spell: Deflect Missiles
 80535 | Zot:3    | XOM: confuse monster(s)
 80601 | Zot:3    | XOM: enchant monster (good)
 80617 | Zot:3    | Reached skill level 10 in Charms
 80907 | Zot:3    | Noticed an orb of fire
 80908 | Zot:3    | XOM: summons 2 friendly demons
 80917 | Zot:3    | XOM: harmless Conj miscast
 80918 | Zot:3    | Killed an orb of fire
 81019 | Zot:3    | XOM: severe Hex miscast
 81024 | Zot:3    | Lost mutation: You are partially covered in iridescent
                  | scales. (AC +2) [mutagenic glow]
 81140 | Zot:3    | XOM: 8-stop teleportation journey
 81185 | Zot:3    | XOM: 6-stop teleportation journey
 81240 | Zot:3    | XOM: mild Tloc miscast
 81372 | Zot:3    | Upgraded the game from 0.23-b1-75-g379dba2534 to
                  | 0.23-b1-86-gba62f8e092
 81376 | Zot:3    | XOM: god gift: scroll of fog
 81902 | Zot:4    | XOM: stealth player
 81996 | Zot:4    | XOM: fog
 82017 | Zot:4    | Noticed a Killer Klown
 82028 | Zot:4    | Killed a Killer Klown
 82097 | Zot:4    | XOM: summons friendly white imp
 82362 | Zot:4    | XOM: give mutation
 82362 | Zot:4    | Lost mutation: You are resistant to hostile enchantments.
                  | (MR+) [Xom's mischief]
 82491 | Zot:4    | Reached skill level 10 in Air Magic
 82650 | Zot:4    | XOM: mild Hex miscast
 83050 | Zot:5    | Entered Level 5 of the Realm of Zot
 83054 | Zot:5    | XOM: mild Conj miscast
 83057 | Zot:5    | XOM: scenery: create altars
 83070 | Zot:5    | XOM: confuse monster(s)
 83409 | Zot:5    | XOM: god gift: potion of lignification
 83483 | Zot:5    | XOM: mild Ice miscast
 83796 | Zot:5    | XOM: god gift: 3 scrolls of immolation
 83977 | Zot:5    | Noticed an ancient lich
 83984 | Zot:5    | XOM: fake destruction
 83985 | Zot:5    | Killed an ancient lich
 84044 | Zot:5    | Noticed a Killer Klown
 84055 | Zot:5    | Killed a Killer Klown
 84089 | Zot:5    | XOM: cleaving
 84220 | Zot:5    | XOM: summons friendly white imp
 84253 | Zot:5    | Noticed an ancient lich
 84258 | Zot:5    | XOM: confuse monster(s)
 84260 | Zot:5    | Killed an ancient lich
 84267 | Zot:5    | XOM: fog
 84358 | Zot:5    | Noticed a Killer Klown
 84363 | Zot:5    | XOM: god gift: wand of clouds (5)
 84363 | Zot:5    | Noticed a Killer Klown
 84374 | Zot:5    | Killed a Killer Klown
 84379 | Zot:5    | XOM: scenery: create altars
 84383 | Zot:5    | Killed a Killer Klown
 84512 | Zot:5    | Noticed an ancient lich
 84521 | Zot:5    | Noticed an orb of fire
 84533 | Zot:5    | HP: 10/242 [tentacled monstrosity[an ancient lich] (9)]
 84534 | Zot:5    | XOM: polymorph cacodemon -> shadow demon
 84543 | Zot:5    | XOM: enchant monster (good)
 84543 | Zot:5    | Killed from afar by a purple draconian

Skill      XL: |  1  2  3  4  5  6  7  8  9 10 11 12 13 14 15 16 17 18 19 20 21 22 23 24 25 26 27 |
---------------+----------------------------------------------------------------------------------+-----
Dodging        | 2 3 4 5 6 8 9 10 11 12 13 14 | 14.1
Armour         | 3 5 7 9 10 12 14 15 16 | 16.6
Fighting       | 4 5 9 12 14 15 16 17 18 19 20 23 | 23.1
Long Blades    | 4 5 6 7 |  7.2
Charms         | 3 4 5 7 8 9 14 | 14.1
Spellcasting   | 2 4 5 6 7 9 10 | 10.2
Hexes          | 3 5 7 8 9 10 14 | 14.0
Axes           | 3 7 9 11 12 13 14 15 16 17 18 19 20 23 | 23.2
Throwing       | 3 5 6 8 9 |  9.8
Evocations     | 4 6 |  6.0
Necromancy     | 2 3 |  3.8
Air Magic      | 3 5 12 | 12.2
Summonings     | 4 7 |  7.3
Transmutations | 4 6 9 14 | 14.6
Earth Magic    | 4 7 9 14 | 14.7
Translocations | 4 |  4.3

Action                   |  1- 3 |  4- 6 |  7- 9 | 10-12 | 13-15 | 16-18 | 19-21 | 22-24 | 25-27 || total
-------------------------+-------+-------+-------+-------+-------+-------+-------+-------+-------++-------
Melee: Falchion          |    99 |   239 |   137 |       |       |       |       |       |       ||   475
       Long sword        |       |       |   194 |    12 |       |       |       |       |       ||   206
       Executioner's axe |       |       |       |   409 |   715 |  1048 |   970 |   937 |  2069 ||  6148
       Kick              |       |       |       |       |       |       |   102 |   373 |   635 ||  1110
       Bite              |       |       |       |       |       |       |       |       |   230 ||   230
 Fire: Blowgun           |       |       |       |     2 |     4 |     6 |       |       |       ||    12
Throw: Stone             |     2 |       |    32 |       |       |       |       |       |       ||    34
       Javelin           |       |       |     2 |     9 |     4 |    16 |     8 |       |     8 ||    47
 Cast: Infusion          |       |       |     2 |       |     3 |     1 |       |       |       ||     6
       Spectral Weapon   |       |       |    10 |    39 |    42 |    55 |    38 |    11 |    14 ||   209
       Shroud of Golubri |       |       |     3 |     6 |     4 |     2 |       |       |       ||    15
       Regeneration      |       |       |     2 |    10 |    14 |    41 |    31 |    32 |    65 ||   195
       Song of Slaying   |       |       |       |       |    11 |    13 |    16 |    14 |    13 ||    67
       Statue Form       |       |       |       |       |       |       |       |       |    55 ||    55
       Summon Mana Viper |       |       |       |       |       |       |       |       |    36 ||    36
       Darkness          |       |       |       |       |       |       |       |       |    14 ||    14
       Invisibility      |       |       |       |       |       |       |       |       |    13 ||    13
       Deflect Missiles  |       |       |       |       |       |       |       |       |     5 ||     5
       Silence           |       |       |       |       |       |       |       |       |     5 ||     5
Evoke: Wand              |       |       |    43 |     4 |     5 |    36 |     3 |     3 |     7 ||   101
       Sack of spiders   |       |       |       |       |     4 |     1 |     5 |       |       ||    10
       Phantom mirror    |       |       |       |       |     1 |       |       |       |       ||     1
       Lamp of fire      |       |       |       |       |       |       |       |       |     1 ||     1
  Use: Scroll            |       |     7 |    14 |     9 |    16 |    16 |    11 |    11 |    31 ||   115
       Potion            |       |     6 |     2 |     2 |     4 |     6 |     3 |     1 |    24 ||    48
 Stab: Sleeping          |       |     1 |     1 |       |       |       |     2 |       |     1 ||     5
       Paralysed         |       |    11 |     5 |       |     4 |     3 |     4 |     3 |     2 ||    32
       Petrifying        |       |     2 |     1 |     1 |       |       |       |       |       ||     4
       Confused          |       |       |     3 |     1 |     4 |    11 |     4 |     1 |     3 ||    27
       Invisible         |       |       |     2 |       |     1 |     2 |       |       |    63 ||    68
       Petrified         |       |       |     1 |       |     3 |     1 |       |       |       ||     5
       Distracted        |       |       |       |     1 |     2 |     9 |     7 |       |     5 ||    24
       Betrayed ally     |       |       |       |       |       |     1 |       |       |       ||     1
  Eat: Chunk             |       |    10 |     8 |    27 |    29 |    24 |    25 |    21 |    20 ||   164
       Ration            |       |       |     4 |     2 |     4 |     8 |     2 |     5 |    31 ||    56
Armor: Leather armour    |    47 |    85 |    21 |       |       |       |       |       |       ||   153
       Ring mail         |       |       |   134 |   223 |    44 |       |       |       |       ||   401
       Skin              |       |       |    14 |       |       |       |       |       |   426 ||   440
       Scale mail        |       |       |       |       |   359 |   536 |   303 |       |       ||  1198
       Swamp dragon scal |       |       |       |       |     8 |       |       |       |       ||     8
       Fire dragon scale |       |       |       |       |       |    91 |       |       |       ||    91
       Plate armour      |       |       |       |       |       |    10 |   132 |   426 |   729 ||  1297
Dodge: Dodged            |    73 |   172 |   260 |   327 |   414 |   740 |   509 |   497 |  1863 ||  4855
       Deflected         |       |       |       |       |       |       |       |       |    44 ||    44
       Rpst.: Falchion   |    23 |    54 |    18 |       |       |       |       |       |       ||    95
       Long sword        |       |       |    29 |     2 |       |       |       |       |       ||    31
